 Dungeon Crawl Stone Soup version 0.26-a0-831-g7192265339 (webtiles) character file.

Game seed: 17013504568705331032

1297682 mattiecakes the Conqueror (level 27, -5/179 HPs)
             Began as a Gargoyle Fighter on Nov 15, 2020.
             Was the Champion of the Shining One.
             Killed by divine providence
             ... invoked by a daeva
              (13 damage)
             ... in Pandemonium on Nov 16, 2020.
             The game lasted 05:01:34 (95638 turns).

mattiecakes the Conqueror (Gargoyle Fighter)       Turns: 95638, Time: 05:01:34

Health: -5/179     AC: 69    Str: 31    XL:     27
Magic:  4/19       EV:  8    Int: 14    God:    the Shining One [******]
Gold:   12848      SH: 37    Dex:  5    Spells: 40/49 levels left

rFire    + + +     SeeInvis .   o - +9 broad axe (holy)
rCold    + + +     Faith    .   M - +18 shield of the Gong {rElec rN+ MR+ EV-5}
rNeg     + + +     Spirit   .   f - +12 gold dragon scales
rPois    ∞         Reflect  .   R - +2 helmet
rElec    +         Harm     .   U - scarf {repulsion}
rCorr    .         Rampage  .   I - +2 pair of gloves of the Gloaming {rN++ MR+}
MR       +++++                  X - +3 pair of boots "Ekhleniut" {rElec rF+++ MP-9}
Stlth    ..........             A - amulet "Onulel" {RegenMP MR+ Str+3}
HPRegen  0.39/turn              K - ring "Sacikup" {rC+ MR+ Int+4}
MPRegen  0.41/turn              j - ring "Kuphef" {rElec rC++ Stlth+}

@: mighty, about to teleport, flying, glowing, studying 6 skills, repel missiles
A: big wings, icy blue scales 1, clumsy 2, deformed body, deterioration 2, frail
1, low mp 3, magic resistance 1, negative energy resistance 1, screaming 1,
electricity resistance, weak 2, unbreathing, petrification resistance, no potion
heal 2, rot immunity, subdued magic 2, MP-powered wands, AC +20
}: 13/15 runes: serpentine, barnacled, silver, iron, obsidian, icy, bone,
abyssal, demonic, glowing, magical, fiery, dark
a: Stop Flying, Divine Shield, Cleansing Flame, Summon Divine Warrior, Renounce
Religion


You were in Pandemonium.
You worshipped the Shining One.
The Shining One was exalted by your worship.
You visited 16 branches of the dungeon, and saw 82 of its levels.
You visited Pandemonium 2 times, and saw 26 of its levels.
You visited the Abyss 4 times.
You also visited: Volcano, Wizlab and Desolation.

You collected 19075 gold pieces.
You spent 6227 gold pieces at shops.

Inventory:

Hand Weapons
 n - the +9 staff of Wucad Mu {channel}
   (You found it in a wizard's laboratory)
 o - a +9 broad axe of holy wrath (weapon)
Armour
 f - +12 gold dragon scales (worn)
 l - a +2 tower shield of protection
 I - the +2 pair of gloves of the Gloaming (worn) {rN++ MR+}
   (You bought it in a shop on level 2 of the Elven Halls)

   It greatly protects you from negative energy.
   It affects your resistance to hostile enchantments.
 M - the +18 shield of the Gong (worn) {rElec rN+ MR+ EV-5}
   (You found it on level 12 of the Dungeon)

   It affects your evasion (-5).
   It insulates you from electricity.
   It protects you from negative energy.
   It affects your resistance to hostile enchantments.
 R - a +2 helmet (worn)
 U - a scarf of repulsion (worn)
 X - the +3 pair of boots "Ekhleniut" (worn) {rElec rF+++ MP-9}
   (You found it on level 3 of the Shoals)

   It renders you almost immune to fire.
   It insulates you from electricity.
   It affects your magic capacity (-9).
Jewellery
 j - the ring "Kuphef" (right hand) {rElec rC++ Stlth+}
   (You found it in the Desolation of Salt)

   [ring of stealth]

   It greatly protects you from cold.
   It insulates you from electricity.
   It makes you more stealthy.
 q - the ring "Plog" {AC+4 Dex+3}
   (You took it off a balrug in Pandemonium)

   [ring of protection]

   It affects your AC (+4).
   It affects your dexterity (+3).
 x - an uncursed ring of resist corrosion
 A - the amulet "Onulel" (around neck) {RegenMP MR+ Str+3}
   (You found it on level 7 of Cocytus)

   [amulet of magic regeneration]

   It increases your magic regeneration.
   It affects your strength (+3).
   It affects your resistance to hostile enchantments.
 K - the ring "Sacikup" (left hand) {rC+ MR+ Int+4}
   (You found it on level 7 of the Iron City of Dis)

   [ring of protection from cold]

   It affects your intelligence (+4).
   It protects you from cold.
   It affects your resistance to hostile enchantments.
 O - the ring of Agodukh {Wiz rF- rN+ Int+3 Slay+5}
   (You found it in Pandemonium)

   [ring of wizardry]

   It improves your spell success rate.
   It affects your intelligence (+3).
   It affects your accuracy and damage with ranged weapons and melee attacks
   (+5).
   It makes you vulnerable to fire.
   It protects you from negative energy.
 Q - the ring "Misixil" {rF+ rC+ MR+}
   (You bought it in a shop on level 8 of the Dungeon)

   [ring of protection from magic]

   It protects you from fire.
   It protects you from cold.
   It affects your resistance to hostile enchantments.
Wands
 e - a wand of acid (34)
 k - a wand of digging (11)
Scrolls
 a - 16 scrolls of amnesia
 h - 33 scrolls of remove curse
 m - a scroll of silence
 s - 35 scrolls of identify
 w - 2 scrolls of brand weapon
 y - 17 scrolls of fear
 z - 5 scrolls of enchant weapon
 B - 2 scrolls of magic mapping
 E - 14 scrolls of immolation
 G - 7 scrolls of holy word
 H - 4 scrolls of enchant armour
 J - 10 scrolls of teleportation
 P - 16 scrolls of fog
 S - 2 scrolls of summoning
Potions
 d - 16 potions of might
 g - 5 potions of berserk rage
 i - 16 potions of brilliance
 r - 5 potions of ambrosia
 u - 2 potions of mutation
 v - 6 potions of resistance
 C - 7 potions of haste
 F - 7 potions of cancellation
 L - 10 potions of lignification
 N - 20 potions of curing
 W - a potion of magic
Books
 b - a manual of Air Magic
 c - a manual of Fire Magic
 t - a manual of Summonings
 T - a manual of Slings
 V - a manual of Throwing
 Y - a manual of Air Magic
 Z - a manual of Bows


   Skills:
 O Level 27 Fighting
 O Level 27 Axes
 O Level 27 Armour
 - Level 23.2 Dodging
 O Level 27 Shields
 + Level 11.6 Spellcasting
 + Level 16.3 Earth Magic
 O Level 27 Invocations


You had 40 spell levels left.
You knew the following spells:

 Your Spells              Type           Power        Failure   Level
a - Shatter               Erth           ####......   100%        9

Your spell library contained the following spells:

 Spells                   Type           Power        Failure   Level
 Sandblast                Erth           ####..       0%          1
 Passwall                 Tmut/Erth      ###.....     1%          2
 Lee's Rapid Deconstruct  Erth           ####......   1%          5
 Stone Arrow              Conj/Erth      ###...       2%          3
 Leda's Liquefaction      Hex/Erth       ###.......   11%         4
 Petrify                  Tmut/Erth      ###.....     11%         4
 Animate Skeleton         Necr           #.....       32%         1
 Apportation              Tloc           #.....       32%         1
 Beastly Appendage        Tmut           #.....       32%         1
 Corona                   Hex            #......      32%         1
 Foxfire                  Conj/Fire      #...         32%         1
 Freeze                   Ice            #...         32%         1
 Magic Dart               Conj           #...         32%         1
 Pain                     Necr           #...         32%         1
 Shock                    Conj/Air       #...         32%         1
 Sting                    Tmut/Pois      #...         32%         1
 Summon Small Mammal      Summ           #...         32%         1
 Borgnjor's Vile Clutch   Necr/Erth      ###.......   32%         5
 Blink                    Tloc           N/A          47%         2
 Call Imp                 Summ           #.......     47%         2
 Corpse Rot               Necr/Air       N/A          47%         2
 Poisonous Vapours        Pois/Air       #.....       47%         2
 Searing Ray              Conj           #.....       47%         2
 Slow                     Hex            #.......     47%         2
 Swiftness                Air            #.......     47%         2
 Bolt of Magma            Conj/Fire/Erth ##........   71%         5
 Call Canine Familiar     Summ           #.......     73%         3
 Confusing Touch          Hex            #.......     73%         3
 Conjure Flame            Conj/Fire      #.......     73%         3
 Dazzling Flash           Conj/Hex       #.....       73%         3
 Frozen Ramparts          Ice            #.....       73%         3
 Gell's Gravitas          Tloc           #.........   73%         3
 Ignite Poison            Fire/Tmut/Pois #.......     73%         3
 Inner Flame              Hex/Fire       #.......     73%         3
 Lesser Beckoning         Tloc           #.........   73%         3
 Mephitic Cloud           Conj/Pois/Air  #.......     73%         3
 Ozocubu's Armour         Ice            #.......     73%         3
 Portal Projectile        Hex/Tloc       #.....       73%         3
 Static Discharge         Conj/Air       #.......     73%         3
 Summon Guardian Golem    Hex/Summ       #.......     73%         3
 Teleport Other           Tloc           #.......     73%         3
 Vampiric Draining        Necr           #.........   73%         3
 Iron Shot                Conj/Erth      ###.......   90%         6
 Airstrike                Air            #.........   98%         4
 Animate Dead             Necr           #.........   98%         4
 Cause Fear               Hex            #.........   98%         4
 Dispel Undead            Necr           #.......     98%         4
 Fulminant Prism          Conj/Hex       #.........   98%         4
 Hailstorm                Conj/Ice       #.......     98%         4
 Ice Form                 Ice/Tmut       #.......     98%         4
 Iskenderun's Mystic Bla  Conj/Tloc      #.......     98%         4
 Olgreb's Toxic Radiance  Pois           #.......     98%         4
 Passage of Golubria      Tloc           N/A          98%         4
 Sticky Flame             Conj/Fire      #.......     98%         4
 Summon Ice Beast         Ice/Summ       #.......     98%         4
 Summon Lightning Spire   Summ/Air       #.......     98%         4
 Agony                    Necr           #.......     100%        5
 Alistair's Intoxication  Tmut/Pois      #........    100%        5
 Blade Hands              Tmut           #.........   100%        5
 Excruciating Wounds      Necr           #.........   100%        5
 Fireball                 Conj/Fire      #.........   100%        5
 Irradiate                Conj/Tmut      #.........   100%        5
 Lightning Bolt           Conj/Air       #.........   100%        5
 Metabolic Englaciation   Hex/Ice        #.........   100%        5
 Silence                  Hex/Air        #.........   100%        5
 Summon Forest            Summ/Tloc      #.........   100%        5
 Yara's Violent Unravell  Hex/Tmut       #.........   100%        5
 Dispersal                Tloc           #.........   100%        6
 Eringya's Noxious Bog    Tmut/Pois      #.........   100%        6
 Freezing Cloud           Conj/Ice/Air   #.........   100%        6
 Hydra Form               Tmut           #.........   100%        6
 Ozocubu's Refrigeration  Ice            #.........   100%        6
 Simulacrum               Ice/Necr       #.........   100%        6
 Starburst                Conj/Fire      #.........   100%        6
 Dragon Form              Tmut           #.........   100%        7
 Haunt                    Necr/Summ      #.........   100%        7
 Malign Gateway           Summ/Tloc      #.........   100%        7
 Monstrous Menagerie      Summ           #.........   100%        7
 Summon Greater Demon     Summ           #.........   100%        7
 Summon Hydra             Summ           #.........   100%        7
 Borgnjor's Revivificati  Necr           #.........   100%        8
 Discord                  Hex            #.........   100%        8
 Disjunction              Tloc           #.........   100%        8
 Ignition                 Fire           #.........   100%        8
 Infestation              Necr           #.........   100%        8
 Necromutation            Tmut/Necr      #.........   100%        8
 Summon Horrible Things   Summ           #.........   100%        8
 Death's Door             Necr           #.........   100%        9
 Dragon's Call            Summ           #.........   100%        9
 Tornado                  Air            #.........   100%        9
 Sublimation of Blood     Necr           Unusable     N/A         2
 Statue Form              Tmut/Erth      Unusable     N/A         6

Dungeon Overview and Level Annotations

Branches:
Dungeon (15/15)            Temple (1/1) D:7            Lair (6/6) D:8
 Shoals (4/4) Lair:3        Snake (4/4) Lair:3        Slime (0/5) Lair:5
    Orc (2/2) D:11            Elf (3/3) Orc:2        Vaults (5/5) D:14
  Crypt (3/3) Vaults:3       Tomb (0/3) Crypt:3      Depths (5/5) D:15
   Hell (visited)             Dis (7/7) Hell            Geh (7/7) Hell
    Coc (7/7) Hell            Tar (7/7) Hell            Zot (5/5) Depths:5
Volcano (visited)          WizLab (visited)         Desolation (visited)

Altars:
Ashenzari
Cheibriados
Dithmenos
Elyvilon
Fedhas
Gozag
Hepliaklqana
Kikubaaqudgha
Makhleb
Nemelex Xobeh
Okawaru
Qazlal
Ru
Sif Muna
Trog
Uskayaw
Vehumet
Wu Jian
Xom
Yredelemnul
Zin
The Shining One
Beogh

Shops:
D:5 *   D:6 !   D:7 :   D:8 ?=:(   Orc:1 *   Orc:2 [*(=   Elf:1 [::=:
Elf:2 !=[   Elf:3 ?:   Shoals:1 ?   Vaults:3 ?   Vaults:5 *   Depths:3 }}

Portals:
Hell: Depths:1 Depths:2 Depths:3 Depths:4 Depths:5
Abyss: Depths:1 Depths:2 Depths:4
Pandemonium: Depths:2 Depths:3
Ziggurat: Depths:1

Annotations:
D:15 2 transporters, Qebrul's ghost, journeyman DsGl
Lair:5 3 runed translucent doors, exclusion: oklob plant, Thalamas's ghost, journeyman MiBe
Zot:3 2 runed translucent doors, Mikey69's ghost, legendary DsBe
Zot:5 exclusion: obsidian statue


Innate Abilities, Weirdness & Mutations

You are resistant to torment.
Your stone body is resilient. (AC +20)
You are immune to poison.
Your large and strong wings let you fly indefinitely.
You resist negative energy. (rN+)
You are resistant to electric shocks. (rElec)
You can survive without breathing.
You are immune to petrification.
You are immune to rotting.
You are partially covered in icy blue scales. (AC +2)
You are very clumsy. (Dex -4)
Armour fits poorly on your strangely shaped body.
Your body often deteriorates upon taking damage.
You are frail. (-10% HP)
Your magical capacity is extremely low. (-30% MP)
You are resistant to hostile enchantments. (MR+)
You occasionally shout uncontrollably at your foes.
You are very weak. (Str -4)
Potions are poor at restoring your health.
Your spells are easier to cast, but less powerful.
You expend magic power (3 MP) to strengthen your wands.


Message History

You feel strangely unstable.
The daeva calls down the wrath of Zin upon you.
Zin smites you!
* * * LOW HITPOINT WARNING * * *
Your daeva calls down the wrath of the Shining One upon the apis.
The apis is smitten.
The daeva calls down the wrath of Zin upon you.
Zin smites you!
* * * LOW HITPOINT WARNING * * *
The daeva calls down the wrath of Zin upon you.
Zin smites you! The Shining One protects you from harm!
Unknown command.
Okay, then.
Unknown command.
Your system partially rejects the healing.
You feel better.
The daeva calls down the wrath of Zin upon you.
Zin smites you!
You die...

. ##### ##....#
##..#... #!.....#
#......####
##..Y.A.A..# .#
#@A_.A.###.'.....A
##.A..... #.#.#.#
#......# #
#......# ##..#...
#.. .# # ### # . #


You could see an apis, 4 daevas and a friendly daeva (summoned).

Vanquished Creatures
  Cerebov (Pan)
  Asmodeus (Geh:7)
  Gloorx Vloq (Pan)
  Ignacio (Pan)
  Ereshkigal (Tar:7)
  Mnoleg (Pan)
  Lom Lobon (Pan)
  the Serpent of Hell (Dis:7)
  Dispater (Dis:7)
  Mennas (Crypt:3)
  8 ancient liches
  The ghost of bjtr the Luminary of Lethal Lore, a legendary GnCj of Vehumet (Zot:2)
  A juggernaut (Depths:4)
  Boris (Crypt:2)
  Vashnia (Snake:2)
  3 shard shrikes
  2 Killer Klowns (Zot:5)
  Frederick (Crypt:2)
  Saint Roka (Crypt:3)
  2 curse toes
  10 pandemonium lords (Pan)
  13 golden dragons
  2 caustic shrikes (Zot:2)
  Nikola (Depths:1)
  Geryon (Hell)
  Jory (Crypt:2)
  17 bone dragons
  25 Brimstone Fiends
  4 iron giants
  A shard shrike zombie (Crypt:3)
  3 doom hounds
  2 electric golems
  23 Tzitzimimeh
  2 hellephants (Abyss:1)
  22 Ice Fiends
  10 tentacled monstrosities
  11 Hell Sentinels
  9 liches
  7 Orb Guardians (Zot:5)
  9 deep elf blademasters
  Asterion (Depths:1)
  13 deep elf master archers
  16 titans
  Murray (Hell)
  37 Executioners
  2 krakens
  Polyphemus (Shoals:2)
  7 death cobs
  Kirke (Snake:2)
  18 tentacled starspawn
  An eldritch tentacle (Pan)
  13 quicksilver dragons
  5 sphinxes
  17 storm dragons
  The ghost of Demosthentine the Protected, an adept FoFi of Cheibriados (Shoals:3)
  18 shadow dragons
  19 ancient champions
  7 tengu reavers
  9 nagarajas (Snake:4)
  5 revenants
  4 draconian knights
  9 vault wardens
  4 draconian monks
  14 fire giants
  Roxanne (Snake:3)
  13 warmongers (Pan)
  22 frost giants
  A daeva (Abyss:4)
  4 ghost moths
  Aizul (Lair:3)
  36 cacodemons
  4 draconian scorchers
  5 angels
  9 deep elf sorcerers
  10 iron dragons
  22 black suns (Pan)
  An orc warlord (Orc:1)
  2 draconian stormcallers
  4 imperial myrmidons (Desolation)
  5 ghouls (Crypt:1)
  44 balrugs
  5 deep elf elementalists (Elf:3)
  4 curse skulls
  A spriggan defender (Depths:4)
  3 draconian shifters
  2 war gargoyles
  27 very ugly things
  9 ironheart preservers
  67 reapers
  2 grey draconians (Depths:5)
  5 draconian annihilators
  3 elemental wellsprings (Coc:7)
  20 lorocyprocas
  10 blood saints (Pan)
  32 stone giants
  5 black draconians
  12 vampire knights
  10 green draconians
  An apis (Pan)
  8 corrupters (Pan)
  2 deep elf demonologists (Elf:3)
  A dire elephant (Abyss:1)
  9 deep elf annihilators
  7 red draconians
  6 white draconians
  5 yellow draconians
  An orange crystal statue (WizLab)
  6 spark wasps
  A bunyip (shapeshifter) (Vaults:3)
  8 purple draconians
  A halazid warlock (Desolation)
  6 ettins
  30 blizzard demons
  Josephine (Lair:4)
  8 jiangshi
  14 deep elf death magi
  3 crystal guardians
  5 eidola
  17 green deaths
  11 fire dragons
  15 yaktaur captains
  6 deep elf high priests
  2 spectral krakens (Tar:7)
  6 merfolk impalers
  10 servants of whispers (Desolation)
  7 quicksilver dragon zombies
  25 ice dragons
  12 ragged hierophants (Desolation)
  2 kraken zombies
  10 naga warriors
  7 hydras
  3 quicksilver dragon skeletons
  14 rakshasas
  30 vault guards
  8 peacekeepers (Desolation)
  3 merfolk avatars
  5 boulder beetles
  5 spriggan air magi
  10 great orbs of eyes
  8 anacondas
  6 hell beasts
  5 catoblepae
  11 ogre magi
  17 monstrous demonspawn (Pan)
  6 merfolk aquamancers
  An alligator snapping turtle (Shoals:1)
  5 centaur warriors
  36 dancing weapons
  2 juggernaut simulacra (Pan)
  7 deep troll shamans
  5 death knights
  35 hell hogs
  A queen ant (shapeshifter) (D:13)
  3 vampire magi
  36 two-headed ogres
  2 spriggan berserkers
  4 orc high priests
  3 satyrs
  17 naga sharpshooters
  5 shock serpents
  6 deep troll earth magi
  14 titan zombies
  19 thrashing horrors
  55 soul eaters
  12 death yaks
  6 storm dragon zombies
  5 tengu warriors
  30 deep elf knights
  27 hell knights
  3 iron golems
  88 sun demons
  A shock serpent (shapeshifter) (Vaults:5)
  3 titan skeletons
  A fire crab (Volcano)
  A fire crab (shapeshifter) (Depths:4)
  2 salamander mystics (Snake:2)
  99 large abominations
  8 spatial maelstroms
  141 skeletal warriors
  2 death drakes
  13 shadow wraiths
  A goliath frog zombie (Crypt:1)
  46 sixfirhies
  13 iron trolls
  15 torturous demonspawn (Pan)
  43 shadow demons
  14 anaconda zombies
  28 deep trolls
  16 infernal demonspawn
  19 sea snakes
  8 storm dragon skeletons
  5 golden dragon zombies
  16 wretched stars
  6 unseen horrors
  A ghost moth zombie (Dis:7)
  A kraken simulacrum (Coc:7)
  16 deep elf archers
  11 flayed ghosts
  6 naga ritualists
  21 phantasmal warriors
  15 gelid demonspawn (Pan)
  13 glowing orange brains
  A quicksilver dragon simulacrum (Coc:7)
  6 bog bodies
  4 golden dragon skeletons
  15 necromancers
  11 ironbrand convokers
  6 shadow dragon zombies
  14 harpies
  12 wizards
  20 fauns
  15 orc knights
  9 mana vipers
  An orb spider (Abyss:1)
  2 harpies (shapeshifter)
  2 wolf spiders (Vaults:1)
  7 anaconda skeletons
  12 cyclopes
  5 wolf spider zombies
  8 iron dragon zombies
  55 ugly things
  A salamander (shapeshifter) (Vaults:4)
  78 deep elf magi
  2 human zombies
  A manticore (shapeshifter) (Abyss:4)
  7 fire giant zombies
  15 manticores
  20 elephants
  10 orc sorcerers
  4 shadow dragon skeletons
  6 worldbinders
  10 iron dragon skeletons
  5 frost giant zombies
  17 stone giant zombies
  A cyclops (shapeshifter) (Vaults:2)
  14 salamanders
  15 moths of wrath
  57 rust devils
  8 frost giant skeletons
  7 dire elephant zombies
  2 titan simulacra
  6 fire giant skeletons
  9 merfolk sirens
  8 water nymphs
  A shock serpent zombie (Geh:7)
  14 guardian serpents
  A black mamba (shapeshifter) (Depths:2)
  28 black mambas
  10 naga magi
  4 stone giant skeletons
  5 molten gargoyles
  2 ice statues (Coc:7)
  5 apocalypse crabs
  49 orange demons
  43 hellions
  9 cane toads
  79 smoke demons
  2 gargoyles (D:15)
  2 shock serpent skeletons (Tar:7)
  A cane toad (shapeshifter) (Depths:4)
  A torpor snail (Lair:4)
  2 minotaur zombies
  4 catoblepas zombies
  14 vault sentinels
  11 spectral swamp worms
  A green draconian zombie (Crypt:1)
  A yellow draconian zombie (Crypt:3)
  2 emperor scorpion zombies
  5 rime drakes
  15 komodo dragons
  A sea snake zombie (Crypt:2)
  A kobold demonologist (Abyss:4)
  48 tormentors
  23 efreet
  7 dire elephant skeletons
  35 hellwings
  28 demonic crawlers
  2 silent spectres (Tar:7)
  35 freezing wraiths
  45 yaktaurs
  7 tengu conjurers
  51 ice devils
  10 trolls
  11 hydra zombies
  A harpy zombie (Dis:7)
  2 spectral guardian serpents (Crypt:1)
  20 ancient zymes
  3 iron troll skeletons (Dis:3)
  73 red devils
  8 hornets
  7 wind drakes
  8 polar bears
  Prince Ribbit (D:5)
  A wind drake (shapeshifter) (Abyss:1)
  25 merfolk
  6 hydra skeletons
  26 blink frogs
  A shadow dragon simulacrum (Crypt:1)
  78 saltlings (Desolation)
  15 dream sheep
  A fire dragon zombie (Geh:2)
  46 raiju
  2 spriggan zombies (Hell)
  2 harpy skeletons
  18 slime creatures
  7 ice dragon zombies
  A slime creature (shapeshifter) (Depths:3)
  A frost giant simulacrum (Vaults:3)
  A deep troll zombie (Hell)
  3 alligator zombies
  5 fire dragon skeletons
  10 ettin zombies
  14 snapping turtles
  7 air elementals
  An alligator skeleton (Crypt:2)
  93 flying skulls
  20 shadows
  5 ettin skeletons
  A spriggan (shapeshifter) (Depths:4)
  9 wyverns
  2 centaur simulacra
  Sigmund (D:5)
  6 vampires
  42 water elementals
  A black mamba skeleton (Pan)
  43 yaks
  9 fire bats
  5 ice dragon skeletons
  51 ynoxinuls
  A hog (Snake:2)
  41 wraiths
  2 spriggans (Depths:1)
  2 black mamba zombies
  A yak (shapeshifter) (Depths:4)
  8 basilisks
  23 fire elementals
  36 chaos spawn
  38 neqoxecs
  4 steam dragons
  2 human simulacra
  7 vampire mosquitoes
  A merfolk zombie (Tar:7)
  A tengu zombie (Hell)
  11 wargs
  6 insubstantial wisps
  A harpy simulacrum (Abyss:1)
  41 nagas
  10 spatial vortices
  An infernal demonspawn zombie (Crypt:3)
  4 acid dragons
  4 cane toad zombies
  52 small abominations
  A soldier ant (D:10)
  13 water moccasins
  Duvessa (D:5)
  47 hell hounds
  A hydra simulacrum (Coc:5)
  10 ice beasts
  2 manticore zombies
  5 black bears
  5 cane toad skeletons
  51 orc warriors
  99 starcursed masses
  An ice dragon simulacrum (Tar:7)
  8 sky beasts
  2 ettin simulacra
  8 boggarts
  3 alligator simulacra
  3 eyes of draining
  A fire dragon simulacrum (Crypt:2)
  12 phantoms
  A swamp dragon zombie (Dis:7)
  20 centaurs
  An elephant zombie (Crypt:2)
  25 ogres
  7 snapping turtle skeletons
  20 necrophages
  2 snapping turtle zombies
  6 wolves (Lair:3)
  A lindwurm skeleton (Crypt:1)
  4 manticore skeletons
  A rime drake zombie (Crypt:3)
  A swamp dragon skeleton (Coc:7)
  2 elf zombies
  2 big kobolds (shapeshifter)
  2 big kobolds
  A yaktaur zombie (Hell)
  An elf skeleton (Crypt:1)
  21 bullfrogs
  5 cane toad simulacra
  2 earth elementals
  2 human skeletons
  Dowan (D:5)
  A water moccasin skeleton (D:9)
  9 scorpions
  A wyvern skeleton (D:13)
  6 killer bees
  A warg skeleton (Crypt:1)
  A killer bee (shapeshifter) (Abyss:4)
  69 wights
  6 howler monkeys
  4 electric eels
  15 lava snakes
  4 centaur zombies
  5 crimson imps
  2 bullfrog zombies
  2 bullfrog skeletons
  A jelly (shapeshifter) (Vaults:5)
  4 jellies
  5 centaur skeletons
  5 hounds
  23 orc wizards
  7 quasits
  Crazy Yiuf (D:3)
  8 orc priests
  31 iron imps
  15 iguanas
  4 lightning spires (Depths:1)
  16 hell rats
  7 worker ants
  A killer bee zombie (D:9)
  An ogre zombie (Tar:6)
  A bullfrog simulacrum (D:11)
  A naga zombie (Tar:7)
  A dwarf skeleton (Crypt:2)
  A naga skeleton (Hell)
  A tengu skeleton (Tar:7)
  2 deep dwarf skeletons (Crypt:1)
  A hound zombie (D:11)
  8 mummies
  A worker ant zombie (D:10)
  3 gnolls
  18 adders
  A steam dragon skeleton (Crypt:3)
  8 shadow imps
  14 white imps
  10 ufetubi
  3 adder zombies
  An ooze (D:2)
  2 adder skeletons (D:6)
  3 worms
  2 ball lightnings (Pan)
  5 dart slugs
  5 leopard geckos
  80 orcs
  4 ball pythons
  13 bats
  A bat skeleton (Crypt:3)
  4 giant cockroaches
  5 goblins
  4 hobgoblins
  4 jackals (D:3)
  21 kobolds
  5 quokkas
  4 frilled lizards
  A frilled lizard skeleton (Crypt:2)
  A gnoll skeleton (Crypt:3)
  A kobold skeleton (Coc:3)
  A kobold zombie (Crypt:2)
  3 leopard gecko zombies
  3 quokka zombies
  5 rats (D:1)
  A block of ice (Pan)
  6 crawling corpses
  9 fire vortices (Pan)
  A lurking horror (Abyss:4)
  14 starspawn tentacles
  14 tentacles
5279 creatures vanquished.

Vanquished Creatures (collateral kills)
  Antaeus (Coc:7)
  A pandemonium lord (Pan)
  A pearl dragon (Pan)
  3 Tzitzimimeh
  3 Brimstone Fiends (Geh:7)
  2 doom hounds (Tar:7)
  A Hell Sentinel (Dis:7)
  2 Ice Fiends
  A tentacled starspawn (Abyss:1)
  A warmonger (Pan)
  A storm dragon (Zot:5)
  A draconian monk (Zot:3)
  A daeva (Abyss:1)
  2 fire giants (Geh:7)
  A blood saint (Pan)
  6 cacodemons (Pan)
  A balrug (Geh:7)
  2 reapers
  3 angels (Pan)
  2 very ugly things (Abyss:4)
  A war gargoyle (Hell)
  A lorocyproca (Pan)
  A purple draconian (Zot:3)
  16 starcursed masses
  A green death (Hell)
  A quicksilver dragon zombie (Hell)
  A great orb of eyes (Pan)
  A hell hog (Geh:7)
  A titan zombie (Coc:7)
  3 thrashing horrors
  A storm dragon zombie (Tar:7)
  6 sun demons
  3 soul eaters
  6 skeletal warriors (Tar:7)
  4 sixfirhies (Pan)
  A spatial maelstrom (Abyss:4)
  A wretched star (Abyss:1)
  A flayed ghost (Abyss:4)
  4 hell knights (Geh:7)
  3 shadow demons
  A death drake (Abyss:1)
  An unseen horror (shapeshifter) (Abyss:4)
  A phantasmal warrior (Tar:7)
  An anaconda skeleton (Tar:7)
  A golden dragon skeleton (Geh:7)
  A stone giant zombie (Hell)
  A worldbinder (Abyss:4)
  A moth of wrath (Zot:3)
  A dire elephant zombie (Geh:7)
  An apocalypse crab (Abyss:4)
  A fire giant skeleton (Geh:7)
  A frost giant skeleton (Coc:7)
  4 molten gargoyles (Geh:7)
  An orange demon (Abyss:1)
  3 smoke demons (Abyss:4)
  2 hellions
  3 hellwings
  2 ice devils
  2 freezing wraiths (Coc:7)
  5 red devils
  3 ancient zymes
  4 tormentors
  A catoblepas skeleton (Coc:7)
  2 hydra zombies
  10 raiju (Abyss:4)
  2 hydra skeletons
  An ice dragon zombie (Geh:7)
  5 flying skulls
  An alligator skeleton (Pan)
  2 ynoxinuls
  A fire dragon zombie (Geh:7)
  2 fire dragon skeletons
  A shadow (Tar:7)
  A wraith (Abyss:1)
  A fire elemental (Hell)
  4 chaos spawn (Pan)
  7 neqoxecs
  A black mamba skeleton (Geh:7)
  5 large abominations
  2 spatial vortices (Abyss:4)
  6 hell hounds
  An eye of draining (Abyss:4)
  4 necrophages (Tar:7)
  2 small abominations
  8 wights
  2 crimson imps (Geh:7)
  3 quasits (Abyss:1)
  2 iron imps
  3 hell rats (Hell)
  A shadow imp (Tar:7)
  An ufetubus (Abyss:4)
  A fire vortex (Pan)
  5 starspawn tentacles
222 creatures vanquished.

Vanquished Creatures (others)
  A pandemonium lord (Pan)
  Sojobo (Depths:1)
  An eldritch tentacle (Pan)
  A tengu reaver (Depths:1)
  A draconian monk (Zot:2)
  A frost giant (Coc:7)
  A deep elf sorcerer (Elf:3)
  A blood saint (Pan)
  A purple draconian (Zot:2)
  A deep elf death mage (Elf:3)
  An ettin (Vaults:4)
  3 deep elf high priests
  A rakshasa (Abyss:4)
  3 hell hogs (Geh:7)
  2 dancing weapons
  A naga sharpshooter (Snake:2)
  A soul eater (Crypt:2)
  A sun demon (Pan)
  A deep elf knight (Elf:3)
  A sixfirhy (Pan)
  A death drake (Abyss:4)
  A wizard (Pan)
  A deep elf archer (Zot:1)
  A large abomination (Abyss:4)
  A flayed ghost (Vaults:4)
  A deep elf mage (Crypt:3)
  An ugly thing (Abyss:1)
  2 starcursed masses
  A rust devil (Dis:3)
  A dire elephant skeleton (Geh:7)
  A molten gargoyle (Geh:2)
  A smoke demon (Abyss:4)
  A hellion (Geh:7)
  2 tormentors (Geh:2)
  A hellwing (Pan)
  2 red devils (Pan)
  A polar bear (shapeshifter) (Vaults:5)
  2 raiju (Abyss:4)
  5 flying skulls
  A black mamba zombie (Geh:7)
  A shadow (Geh:2)
  A hog (shapeshifter) (Vaults:2)
  A water elemental (Shoals:1)
  An ettin skeleton (Geh:2)
  2 wyverns (Depths:5)
  3 humans (Snake:2)
  4 nagas (Snake:4)
  4 insubstantial wisps (Depths:1)
  An eye of draining (Abyss:4)
  3 orc warriors
  2 ogres
  A bullfrog (D:8)
  A wyvern skeleton (Crypt:2)
  4 electric eels (Depths:1)
  A centaur skeleton (Abyss:5)
  A white imp (Coc:7)
  17 ball lightnings
  An orc (Vaults:5)
  A bush (Lair:2)
  2 fire vortices (Pan)
  60 fungi
  6 lurking horrors
  220 plants
  49 starspawn tentacles
  21 tentacles
  7 withered plants
468 creatures vanquished.

Grand Total: 5969 creatures vanquished

Notes
Turn   | Place    | Note
-------+----------+-------------------------------------------
     0 | D:1      | mattiecakes the Gargoyle Fighter began the quest for the
                  | Orb.
     0 | D:1      | Reached XP level 1. HP: 14/14 MP: 1/1
   236 | D:1      | Reached XP level 2. HP: 19/19 MP: 2/2
   593 | D:1      | Reached XP level 3. HP: 23/23 MP: 3/3
  1316 | D:2      | Reached skill level 1 in Dodging
  1567 | D:2      | Reached XP level 4. HP: 29/29 MP: 4/4
  2835 | D:3      | Found a runed translucent door.
  2836 | D:3      | Noticed Crazy Yiuf
  2957 | D:3      | Reached XP level 5. HP: 31/33 MP: 5/5
  3648 | D:3      | Killed Crazy Yiuf
  3718 | D:4      | Got a faintly humming ring mail
  3729 | D:4      | Identified the +3 ring mail of the Game Afoot {Dex+5} (You
                  | found it on level 4 of the Dungeon)
  3767 | D:4      | Reached XP level 6. HP: 38/38 MP: 6/6
  3818 | D:4      | Noticed a phantom
  3844 | D:4      | Killed a phantom
  4312 | D:5      | Entered Level 5 of the Dungeon
  4330 | D:5      | Reached XP level 7. HP: 43/44 MP: 7/7
  4374 | D:5      | Noticed Prince Ribbit
  4377 | D:5      | Noticed Sigmund
  4385 | D:5      | Killed Prince Ribbit
  4386 | D:5      | Reached skill level 5 in Fighting
  4386 | D:5      | Reached skill level 5 in Armour
  4386 | D:5      | Reached skill level 5 in Shields
  4391 | D:5      | Killed Sigmund
  4420 | D:5      | Reached XP level 8. HP: 50/50 MP: 8/8
  4455 | D:5      | Found Elonuycwo's General Store.
  4690 | D:5      | Noticed Duvessa
  4702 | D:5      | Killed Duvessa
  4703 | D:5      | Noticed Dowan
  4720 | D:5      | Killed Dowan
  5091 | D:6      | Noticed a wyvern
  5092 | D:6      | Found Zosiuc's Distillery.
  5108 | D:6      | Killed a wyvern
  5234 | D:6      | Reached XP level 9. HP: 56/56 MP: 9/9
  5584 | D:6      | Reached skill level 5 in Axes
  6421 | D:7      | Found a staircase to the Ecumenical Temple.
  6469 | D:7      | Found Deet's Book Shop.
  6496 | Temple   | Entered the Ecumenical Temple
  6773 | Temple   | Became a worshipper of Warmaster Okawaru
  6840 | D:7      | Found a shimmering altar of Xom.
  6893 | D:8      | Found a staircase to the Lair.
  6897 | D:8      | Noticed a hornet
  6901 | D:8      | Noticed a komodo dragon
  6920 | D:7      | Killed a hornet
  6970 | D:8      | Reached * piety under Okawaru
  6979 | D:7      | Reached XP level 10. HP: 22/63 MP: 7/10
  6981 | D:7      | Reached skill level 5 in Dodging
  7124 | D:8      | Reached skill level 1 in Invocations
  7221 | D:8      | Reached ** piety under Okawaru
  7396 | D:8      | Found Asoc's Magic Scroll Shoppe.
  7426 | D:8      | Found Woqyca's Jewellery Shoppe.
  7448 | D:8      | Found Lygoon's Book Boutique.
  7570 | D:8      | Found Towaf's Antique Weapon Shop.
  7576 | D:8      | Bought a polished war axe for 229 gold pieces
  7576 | D:8      | Identified the +4 war axe of Vethreuf {venom, Stlth+} (You
                  | bought it in a shop on level 8 of the Dungeon)
  7805 | D:9      | Noticed a cyclops
  7812 | D:9      | Killed a cyclops
  7975 | D:9      | Reached *** piety under Okawaru
  8259 | D:9      | Noticed a skeletal warrior
  8262 | D:9      | Noticed a skeletal warrior
  8265 | D:9      | Noticed a skeletal warrior
  8265 | D:9      | Noticed a skeletal warrior
  8301 | D:9      | Reached skill level 5 in Invocations
  8301 | D:9      | Reached XP level 11. HP: 31/71 MP: 10/14
  8354 | D:9      | Killed a skeletal warrior
  8368 | D:9      | Killed a skeletal warrior
  8369 | D:9      | Reached XP level 12. HP: 52/76 MP: 15/15
  8516 | D:8      | Reached **** piety under Okawaru
  8851 | D:10     | Entered Level 10 of the Dungeon
  8851 | D:10     | Noticed a two-headed ogre
  8864 | D:9      | Killed a two-headed ogre
  9028 | D:10     | Reached ***** piety under Okawaru
  9250 | D:10     | Reached skill level 10 in Shields
  9543 | D:11     | Found a staircase to the Orcish Mines.
  9558 | D:11     | Reached skill level 10 in Armour
  9642 | D:11     | Noticed a death yak
  9646 | D:11     | Noticed a death knight
  9673 | D:11     | Killed a death knight
  9674 | D:11     | Reached skill level 10 in Fighting
  9823 | D:11     | Found a radiant altar of Vehumet.
 10142 | D:11     | Noticed a two-headed ogre
 10152 | D:11     | Killed a two-headed ogre
 10175 | D:11     | Killed a death yak
 10175 | D:11     | Received a gift from Okawaru
 10994 | D:12     | Reached XP level 13. HP: 83/83 MP: 18/18
 11279 | D:12     | Found the +18 shield of the Gong {rElec rN+ MR+ EV-5}
 11280 | D:12     | Found the +8 whip "Snakebite" {curare, rPois}
 11690 | D:13     | Reached ****** piety under Okawaru
 12350 | D:14     | Noticed a vault guard
 12368 | D:14     | Killed a vault guard
 12368 | D:14     | Received a gift from Okawaru
 12967 | D:8      | Bought the ring "Misixil" {rF+ rC+ MR+} for 552 gold pieces
 12973 | D:8      | Identified a scroll of acquirement
 12979 | D:8      | Acquired 905 gold pieces
 13506 | D:14     | Found a gate to the Vaults.
 13727 | Lair:1   | Entered Level 1 of the Lair of Beasts
 13788 | Lair:1   | Received a gift from Okawaru
 13897 | Lair:1   | Gained mutation: Your large and strong wings let you fly
                  | indefinitely. [Gargoyle growth]
 13897 | Lair:1   | Reached XP level 14. HP: 88/90 MP: 20/20
 13901 | Lair:1   | Found a dark tunnel.
 13949 | Volcano  | Entered a volcano
 14223 | Volcano  | Found a burning altar of Makhleb.
 15005 | Lair:1   | Reached skill level 10 in Axes
 15055 | Lair:2   | Received a gift from Okawaru
 15784 | Lair:3   | Received a gift from Okawaru
 16141 | Lair:3   | Found a staircase to the Snake Pit.
 16168 | Lair:3   | Found an ancient bone altar of Kikubaaqudgha.
 16473 | Lair:3   | Found a staircase to the Shoals.
 16836 | Lair:4   | Noticed Josephine
 16851 | Lair:4   | Killed Josephine
 16855 | Lair:4   | Reached XP level 15. HP: 69/96 MP: 22/22
 17475 | Lair:5   | Reached skill level 10 in Invocations
 17576 | Lair:5   | Noticed Thalamas's ghost (journeyman MiBe)
 17588 | Lair:5   | Found a runed translucent gate.
 17588 | Lair:5   | Found a runed translucent gate.
 17588 | Lair:5   | Found a runed translucent gate.
 17728 | Lair:5   | Found a staircase to the Slime Pits.
 17753 | Lair:5   | Got a sparkling jade ring
 18137 | Lair:6   | Entered Level 6 of the Lair of Beasts
 18275 | Lair:6   | Received a gift from Okawaru
 18928 | Lair:6   | Found the +8 autumn katana {vorpal, Clar}
 19412 | Lair:2   | Got a faintly glowing war axe {god gift}
 19413 | Lair:2   | Identified the +5 war axe of the Smoking Boar {vorpal,
                  | rElec rF+ Dex-2} (Okawaru gifted it to you on level 2 of
                  | the Lair of Beasts)
 19416 | Lair:2   | Identified the ring "Pailosch" {Fire MR++ Int-2 Dex+5} (You
                  | found it on level 5 of the Lair of Beasts)
 19422 | Lair:2   | Acquired 1052 gold pieces
 19603 | D:15     | Entered Level 15 of the Dungeon
 19673 | D:15     | Found a gate leading to a gauntlet.
 19748 | D:15     | Noticed Qebrul's ghost (journeyman DsGl)
 19750 | D:15     | Identified the +6 great mace "Suzurch" {vorpal, +Rage
                  | Str+6}
 19750 | D:15     | Identified the +6 great mace of Hepliaklqana's Hope {vamp,
                  | MR- Str+3 Int+6 Stlth-}
 19752 | D:15     | Found a transporter.
 19756 | D:15     | Found a transporter.
 19820 | D:15     | Received a gift from Okawaru
 19840 | D:15     | Reached skill level 10 in Dodging
 20223 | D:15     | Found a staircase to the Depths.
 20339 | D:15     | Reached XP level 16. HP: 100/104 MP: 23/23
 20881 | Orc:1    | Entered Level 1 of the Orcish Mines
 20897 | Orc:1    | Received a gift from Okawaru
 21244 | Orc:1    | Found Lodukor's Assorted Antiques.
 21393 | Orc:2    | Entered Level 2 of the Orcish Mines
 21393 | Orc:2    | Found Turer's Antique Armour Shop.
 21708 | Orc:1    | Acquired 841 gold pieces
 22061 | Orc:2    | Bought an ichor-stained plate armour for 728 gold pieces
 22061 | Orc:2    | Identified the +10 plate armour of Conscience {rElec MR+
                  | Stlth+} (You bought it in a shop on level 2 of the Orcish
                  | Mines)
 22080 | Orc:2    | Found Zusus's General Store.
 22133 | Orc:2    | Found a staircase to the Elven Halls.
 22161 | Orc:2    | Found Omirupn's Antique Weapon Shop.
 22391 | Orc:2    | Found Diodderph's Jewellery Emporium.
 22403 | Orc:2    | Found a roughly hewn altar of Beogh.
 22725 | D:6      | Bought a potion of mutation for 96 gold pieces
 22725 | D:6      | Bought a potion of mutation for 96 gold pieces
 23106 | Snake:1  | Entered Level 1 of the Snake Pit
 23106 | Snake:1  | Noticed Aizul
 23145 | Lair:3   | Killed Aizul
 23571 | D:8      | Bought a scroll of enchant armour for 105 gold pieces
 23571 | D:8      | Bought a scroll of enchant armour for 105 gold pieces
 24177 | Snake:2  | Received a gift from Okawaru
 24211 | Snake:2  | Got an ebony hand axe {god gift}
 24212 | Snake:2  | Identified the +5 hand axe of Gallantry {flame, Stlth+}
                  | (Okawaru gifted it to you on level 2 of the Snake Pit)
 24456 | Snake:2  | Reached XP level 17. HP: 99/110 MP: 24/24
 24587 | Snake:2  | Noticed Kirke
 24608 | Snake:2  | Killed Kirke
 24615 | Snake:2  | Received a gift from Okawaru
 24927 | Snake:2  | Noticed Vashnia
 25038 | Snake:2  | Killed Vashnia
 25698 | Snake:3  | Noticed Roxanne
 25737 | Snake:3  | Killed Roxanne
 26049 | Snake:4  | Entered Level 4 of the Snake Pit
 26259 | Snake:4  | Reached skill level 15 in Axes
 26523 | Snake:4  | Received a gift from Okawaru
 26575 | Snake:4  | Reached XP level 18. HP: 116/116 MP: 2/25
 27170 | Snake:4  | Got a serpentine rune of Zot
 27503 | Shoals:1 | Entered Level 1 of the Shoals
 27707 | Shoals:1 | Found Ywalonet's Magic Scroll Shop.
 27906 | Orc:1    | Bought a scroll of acquirement for 1612 gold pieces
 28097 | Shoals:1 | Bought a scroll of acquirement for 936 gold pieces
 28099 | Shoals:1 | Acquired 522 gold pieces
 28101 | Shoals:1 | Acquired the +0 pair of boots of Locw {Rampage rC+ rN+}
 28728 | Shoals:2 | Noticed Polyphemus
 28771 | Shoals:2 | Killed Polyphemus
 28800 | Shoals:2 | Received a gift from Okawaru
 29644 | Shoals:3 | Found a transporter.
 29795 | Shoals:3 | Noticed Demosthentine's ghost (adept FoFi)
 30183 | Shoals:3 | Found a transporter.
 30399 | Shoals:3 | Reached XP level 19. HP: 120/120 MP: 18/26
 30434 | Shoals:3 | Killed Demosthentine's ghost
 30445 | Shoals:3 | Got a wavering tin ring
 30447 | Shoals:3 | Got a pair of translucent boots
 30449 | Shoals:3 | Identified the +3 pair of boots "Ekhleniut" {rElec rF+++
                  | MP-9} (You found it on level 3 of the Shoals)
 30460 | Shoals:3 | Identified the ring of Zin's Castigation {*Tele +Blink +Fly
                  | rF- rC++} (You found it on level 3 of the Shoals)
 30520 | Shoals:4 | Entered Level 4 of the Shoals
 30898 | Shoals:4 | Identified the ring of the Past {*Tele +Blink MR+ Str+3
                  | Int-5}
 30989 | Shoals:4 | Got a barnacled rune of Zot
 31032 | Shoals:4 | Received a gift from Okawaru
 31244 | Shoals:4 | Identified Sif Muna's Tome of Earthen Beguiling
 31781 | Elf:1    | Entered Level 1 of the Elven Halls
 31975 | Elf:1    | Received a gift from Okawaru
 32095 | Elf:1    | Found Uxaph's Jewellery Emporium.
 32095 | Elf:1    | Found Ygirchel's Book Emporium.
 32099 | Elf:1    | Found Socouskire's Book Emporium.
 32100 | Elf:1    | Found Izxufil's Armour Emporium.
 32127 | Elf:1    | Learned a level 9 spell: Shatter
 32232 | Elf:1    | Found Kuparuod's Book Emporium.
 32611 | Elf:1    | Found an ancient bone altar of Kikubaaqudgha.
 32745 | Elf:1    | Found a runed translucent door.
 33118 | Elf:2    | Reached XP level 20. HP: 127/128 MP: 18/27
 33127 | Elf:2    | Received a gift from Okawaru
 33306 | Elf:2    | Found a runed translucent gate.
 33306 | Elf:2    | Found a runed translucent gate.
 33307 | Elf:2    | Found a runed translucent gate.
 33423 | Elf:2    | Received a gift from Okawaru
 33474 | Elf:2    | Found Sicening's Distillery.
 33482 | Elf:2    | Found Voarch's Jewellery Emporium.
 33503 | Elf:2    | Bought a potion of heal wounds for 60 gold pieces
 33503 | Elf:2    | Bought a potion of heal wounds for 60 gold pieces
 33503 | Elf:2    | Bought a potion of might for 48 gold pieces
 33503 | Elf:2    | Bought a potion of heal wounds for 60 gold pieces
 33590 | Elf:2    | Found Sacaog's Armour Shoppe.
 33597 | Elf:2    | Bought the +2 pair of gloves of the Gloaming {rN++ MR+} for
                  | 676 gold pieces
 33778 | Elf:3    | Entered Level 3 of the Elven Halls
 33814 | Elf:3    | Reached skill level 15 in Shields
 33815 | Elf:3    | Identified the cursed +3 lajatang of Melee {freeze, +Blink
                  | rN+ Dex+5}
 33818 | Elf:3    | Identified the +6 hand axe "Demonbane" {pain, +Blink rC+}
 33825 | Elf:3    | Identified the cursed +0 leather armour of Optimism {Str+4
                  | Slay+5}
 33876 | Elf:3    | Identified the ring of the Devil's Team {Ice +Inv MP+9
                  | Int+5 Dex-2}
 33901 | Elf:3    | Reached skill level 15 in Armour
 33920 | Elf:3    | Reached skill level 15 in Fighting
 33931 | Elf:3    | Noticed a Tzitzimitl
 33946 | Elf:3    | Noticed a Tzitzimitl
 34288 | Elf:3    | Received a gift from Okawaru
 34368 | Elf:3    | Identified the Grimoire of Lightness and Transformation
 34486 | Elf:3    | Found Ilin's Book Shoppe.
 34499 | Elf:3    | Found Pecam's Magic Scroll Emporium.
 34505 | Elf:3    | Bought a scroll of identify for 26 gold pieces
 34505 | Elf:3    | Bought a scroll of identify for 26 gold pieces
 34505 | Elf:3    | Bought a scroll of identify for 26 gold pieces
 34505 | Elf:3    | Bought a scroll of identify for 26 gold pieces
 34505 | Elf:3    | Bought a scroll of identify for 26 gold pieces
 34505 | Elf:3    | Bought a scroll of teleportation for 39 gold pieces
 34867 | Elf:3    | Identified the Compendium of Damaging Intoxication
 35130 | Depths:1 | Entered Level 1 of the Depths
 35350 | Depths:1 | Received a gift from Okawaru
 35441 | Depths:1 | Found a gateway to Hell.
 35468 | Depths:1 | Reached XP level 21. HP: 135/135 MP: 19/28
 35506 | Depths:1 | Found a gateway to a ziggurat.
 35612 | Depths:1 | Noticed Sojobo
 35616 | Depths:1 | Noticed Nikola
 35641 | Depths:1 | Killed Sojobo
 35649 | Depths:1 | Killed Nikola
 35770 | Depths:1 | Noticed an ancient lich
 35818 | Depths:1 | Killed an ancient lich
 35840 | Depths:1 | Received a gift from Okawaru
 36120 | Depths:1 | Identified Dolih's Compendium of Necromancy
 36154 | Depths:1 | Found a one-way gate to the infinite horrors of the Abyss.
 36227 | Depths:1 | Noticed Asterion
 36252 | Depths:1 | Killed Asterion
 36522 | Depths:1 | Found a runed translucent door.
 37608 | Depths:2 | Found a one-way gate leading to the halls of Pandemonium.
 37623 | Depths:2 | Gained mutation: Your body sometimes deteriorates upon
                  | taking damage. [a neqoxec]
 37624 | Depths:2 | Gained mutation: You are dopey. (Int -2) [a neqoxec]
 38164 | Depths:3 | Noticed a golden dragon
 38194 | Depths:3 | Received a gift from Okawaru
 38200 | Depths:3 | Reached XP level 22. HP: 143/143 MP: 12/29
 38207 | Depths:3 | Killed a golden dragon
 38284 | Depths:3 | Received a gift from Okawaru
 38445 | Depths:3 | Found Tunkoohi's Jewellery Boutique.
 38445 | Depths:3 | Found Hucauq's Gadget Shoppe.
 38446 | Depths:3 | Found Fadunit's Gadget Shoppe.
 39290 | Depths:4 | Noticed a juggernaut
 39531 | Depths:4 | Killed a juggernaut
 39664 | Depths:4 | Received a gift from Okawaru
 39874 | Depths:4 | Reached XP level 23. HP: 150/150 MP: 21/30
 40758 | Depths:5 | Entered Level 5 of the Depths
 40837 | Depths:5 | Received a gift from Okawaru
 40950 | Depths:5 | Found a magical portal.
 40959 | WizLab   | Entered Wucad Mu's Monastery
 41151 | WizLab   | Found the +9 staff of Wucad Mu {channel}
 41713 | Depths:5 | Found a glowing golden altar of the Shining One.
 42281 | Depths:5 | Reached XP level 24. HP: 156/157 MP: 21/30
 42291 | Depths:5 | Found a gate to the Realm of Zot.
 42313 | Depths:5 | Received a gift from Okawaru
 42576 | Vaults:1 | Entered Level 1 of the Vaults
 43783 | Vaults:2 | Received a gift from Okawaru
 44107 | Vaults:2 | Reached XP level 25. HP: 153/164 MP: 21/30
 44928 | Vaults:3 | Received a gift from Okawaru
 45201 | Vaults:3 | Found a glowing silver altar of Zin.
 45725 | Vaults:3 | Received a gift from Okawaru
 45764 | Vaults:3 | Found Tihargh's Magic Scroll Shop.
 45808 | Vaults:3 | Bought a scroll of teleportation for 57 gold pieces
 45808 | Vaults:3 | Bought a scroll of fear for 66 gold pieces
 45808 | Vaults:3 | Bought a scroll of summoning for 180 gold pieces
 45808 | Vaults:3 | Bought a scroll of enchant weapon for 142 gold pieces
 45839 | Vaults:3 | Received a gift from Okawaru
 46080 | Vaults:3 | Found a staircase to the Crypt.
 46565 | Vaults:4 | Found a ruined gateway.
 46572 | Desolati | Entered the Desolation of Salt
 46633 | Desolati | Received a gift from Okawaru
 46703 | Desolati | Reached skill level 15 in Dodging
 46740 | Desolati | Got a fading battleaxe {god gift}
 46744 | Desolati | Acquired 997 gold pieces
 46785 | Desolati | Reached XP level 26. HP: 174/174 MP: 21/30
 46892 | Desolati | Found the +0 staff of Battle
 46903 | Desolati | Identified the Almanac of Shape Shifting and Ignition
 46909 | Desolati | Got a vibrating glass ring
 47071 | Desolati | Identified the ring of Akhuoqang {Wiz Dex+5}
 47091 | Desolati | Identified the ring "Laryhim" {rC+ Str+2}
 47486 | Vaults:4 | Identified the +8 battleaxe of Nianuffuc {vorpal, *Rage MR+
                  | Int+6 Stlth+} (Okawaru gifted it to you in the Desolation
                  | of Salt)
 47487 | Vaults:4 | Identified the ring "Kuphef" {rElec rC++ Stlth+} (You found
                  | it in the Desolation of Salt)
 47585 | Vaults:4 | Received a gift from Okawaru
 48708 | Vaults:5 | Entered Level 5 of the Vaults
 49377 | Vaults:4 | Got a pair of polished gloves {god gift}
 49378 | Vaults:4 | Identified the +2 pair of gloves "Lyeggoli" {Int+3 SInv}
                  | (Okawaru gifted it to you on level 4 of the Vaults)
 49481 | Vaults:5 | Cast into level 2 of the Abyss (death knight)
 49491 | Abyss:2  | Found a corrupted altar of Lugonu.
 49845 | Vaults:5 | Escaped the Abyss
 49962 | Vaults:5 | Identified the ring "Sukac" {+Inv AC+4}
 50044 | Vaults:4 | Received a gift from Okawaru
 50102 | Vaults:5 | Cast into level 2 of the Abyss (death knight)
 50159 | Vaults:5 | Escaped the Abyss
 50184 | Vaults:5 | Reached XP level 27. HP: 182/182 MP: 16/30
 50252 | Vaults:5 | Identified the ring of the Ego {+Fly rC+++ rN+ MR- SInv}
 50456 | Vaults:5 | Identified the ring of Fun {rN+ Int+5}
 50634 | Vaults:5 | Identified the Grimoire of Weightlessness and Displacement
 50654 | Vaults:5 | Identified the Compendium of Displaced Lightness
 50667 | Vaults:5 | Got a silver rune of Zot
 50806 | Vaults:5 | Found Sahirch's Assorted Antiques.
 50812 | Vaults:5 | Bought a potion of resistance for 250 gold pieces
 51371 | Vaults:5 | Got a slimy golden ring
 51566 | Vaults:5 | Got a distressingly furry plate armour
 51569 | Vaults:5 | Identified the +1 plate armour of Urawous {Str+4} (You
                  | found it on level 5 of the Vaults)
 51573 | Vaults:5 | Identified the cursed ring "Basohuez" {rPois EV-4 Int+3
                  | Dex-3 Stlth+} (You found it on level 5 of the Vaults)
 51941 | Depths:5 | Fell from the grace of Okawaru
 51941 | Depths:5 | Became a worshipper of the Shining One
 52022 | Zot:1    | Entered Level 1 of the Realm of Zot
 52061 | Depths:5 | Got a shimmering hand axe {god gift}
 52062 | Depths:5 | Identified the +10 hand axe "Luigreq" {drain, rF+ MP+9
                  | Dex+5 Stlth-} (Okawaru gifted it to you on level 5 of the
                  | Depths)
 52837 | Hell     | Entered the Vestibule of Hell
 52837 | Hell     | Noticed Geryon
 53126 | Crypt:1  | Entered Level 1 of the Crypt
 53160 | Crypt:1  | Reached * piety under the Shining One
 53192 | Crypt:1  | Reached ** piety under the Shining One
 53208 | Crypt:1  | Reached *** piety under the Shining One
 53322 | Crypt:1  | Reached **** piety under the Shining One
 53560 | Crypt:1  | Reached ***** piety under the Shining One
 54101 | Crypt:1  | Acquired a manual of Air Magic
 54156 | Crypt:2  | Noticed Boris
 54178 | Crypt:2  | Killed Boris
 54219 | Crypt:2  | Noticed Jory
 54238 | Crypt:2  | Noticed Frederick
 54246 | Crypt:2  | Killed Jory
 54255 | Crypt:2  | Killed Frederick
 54476 | Crypt:2  | Reached ****** piety under the Shining One
 54482 | Crypt:2  | Identified a +7 broad axe of holy wrath (a +5 broad axe of
                  | freezing blessed by the Shining One)
 54482 | Crypt:2  | Received a gift from the Shining One
 54789 | Crypt:3  | Entered Level 3 of the Crypt
 54789 | Crypt:3  | Noticed Mennas
 54843 | Crypt:3  | Killed Mennas
 55052 | Crypt:3  | Noticed Saint Roka
 55067 | Crypt:3  | Killed Saint Roka
 55289 | Crypt:3  | Found a staircase to the Tomb.
 55329 | Crypt:3  | Noticed an ancient lich
 55329 | Crypt:3  | Noticed an ancient lich
 55336 | Crypt:3  | Killed an ancient lich
 55339 | Crypt:3  | Killed an ancient lich
 55370 | Crypt:3  | Noticed an ancient lich
 55380 | Crypt:3  | Killed an ancient lich
 55401 | Crypt:3  | Got a wavering turquoise ring
 55401 | Crypt:3  | Got a shimmering iron ring
 55406 | Crypt:3  | Identified the ring "Kecrar" {rN+ Str+6} (You found it on
                  | level 3 of the Crypt)
 55407 | Crypt:3  | Identified the ring "Kuobum" {rC- rN+ MR+ Str+3 Int+5} (You
                  | found it on level 3 of the Crypt)
 56393 | Zot:1    | Was forgiven by Okawaru
 57487 | Zot:2    | Found a transporter.
 57500 | Zot:2    | Noticed bjtr's ghost (legendary GnCj)
 57530 | Zot:2    | Found a transporter.
 58432 | Zot:3    | Found a large runed translucent door.
 58432 | Zot:3    | Found a large runed translucent door.
 58433 | Zot:3    | Noticed Mikey69's ghost (legendary DsBe)
 58858 | Zot:4    | Acquired a manual of Summonings
 59762 | Zot:5    | Entered Level 5 of the Realm of Zot
 60075 | Zot:5    | Noticed an orb of fire
 60077 | Zot:5    | Noticed an orb of fire
 60079 | Zot:5    | Noticed an ancient lich
 60099 | Zot:5    | Gained mutation: Your body often deteriorates upon taking
                  | damage. [an orb of fire]
 60103 | Zot:5    | Killed an ancient lich
 60107 | Zot:5    | Gained mutation: You do not regenerate when monsters are
                  | visible. [an orb of fire]
 60110 | Zot:5    | Noticed an ancient lich
 60248 | Zot:5    | Noticed an orb of fire
 60256 | Zot:5    | Gained mutation: You are very dopey. (Int -4) [an orb of
                  | fire]
 60261 | Zot:5    | Gained mutation: You are partially covered in rugged brown
                  | scales. (AC +1, +3% HP) [an orb of fire]
 60270 | Zot:5    | Gained mutation: You are clumsy. (Dex -2) [an orb of fire]
 60286 | Zot:5    | Gained mutation: Armour fits poorly on your strangely
                  | shaped body. [an orb of fire]
 60287 | Zot:5    | Gained mutation: You are frail. (-10% HP) [an orb of fire]
 60611 | Zot:4    | Lost mutation: Armour fits poorly on your strangely shaped
                  | body. [potion of mutation]
 60611 | Zot:4    | Lost mutation: Your body often deteriorates upon taking
                  | damage. [potion of mutation]
 60611 | Zot:4    | Lost mutation: You are frail. (-10% HP) [potion of
                  | mutation]
 60611 | Zot:4    | Lost mutation: Your body sometimes deteriorates upon taking
                  | damage. [potion of mutation]
 60611 | Zot:4    | Lost mutation: You are partially covered in rugged brown
                  | scales. (AC +1, +3% HP) [potion of mutation]
 60611 | Zot:4    | Gained mutation: Your muscles are strong. (Str +2) [potion
                  | of mutation]
 61654 | Depths:1 | Voluntarily entered the Abyss.
 62170 | Abyss:1  | Reached skill level 15 in Invocations
 63176 | Abyss:4  | Paralysed by you for 2 turns
 63355 | Abyss:4  | Gained mutation: Your body sometimes deteriorates upon
                  | taking damage. [a neqoxec]
 63478 | Abyss:4  | Paralysed by accursed screaming for 1 turns
 63487 | Abyss:4  | Paralysed by accursed screaming for 1 turns
 63492 | Abyss:4  | Paralysed by accursed screaming for 2 turns
 63855 | Abyss:4  | Lost mutation: Your body sometimes deteriorates upon taking
                  | damage. [potion of mutation]
 63855 | Abyss:4  | Lost mutation: You are clumsy. (Dex -2) [potion of
                  | mutation]
 63855 | Abyss:4  | Lost mutation: You do not regenerate when monsters are
                  | visible. [potion of mutation]
 63855 | Abyss:4  | Gained mutation: You expend magic power (3 MP) to
                  | strengthen your wands. [potion of mutation]
 63855 | Abyss:4  | Gained mutation: You are agile. (Dex +2) [potion of
                  | mutation]
 63855 | Abyss:4  | Gained mutation: Your muscles are very strong. (Str +4)
                  | [potion of mutation]
 63855 | Abyss:4  | Gained mutation: You have a beak for a mouth. [potion of
                  | mutation]
 63982 | Abyss:4  | Paralysed by accursed screaming for 2 turns
 64027 | Abyss:4  | Paralysed by accursed screaming for 1 turns
 64102 | Abyss:4  | Lost intelligence.
 64108 | Abyss:4  | Paralysed by accursed screaming for 2 turns
 64110 | Abyss:4  | Lost mutation: Your muscles are very strong. (Str +4)
                  | [potion of mutation]
 64110 | Abyss:4  | Lost mutation: Your muscles are strong. (Str +2) [potion of
                  | mutation]
 64110 | Abyss:4  | Lost mutation: You have a beak for a mouth. [potion of
                  | mutation]
 64110 | Abyss:4  | Gained mutation: You have an uncontrollable temper. [potion
                  | of mutation]
 64110 | Abyss:4  | Gained mutation: You are partially covered in slimy green
                  | scales. (AC +2) [potion of mutation]
 64111 | Abyss:4  | Lost mutation: You are agile. (Dex +2) [potion of mutation]
 64111 | Abyss:4  | Lost mutation: You are very dopey. (Int -4) [potion of
                  | mutation]
 64111 | Abyss:4  | Gained mutation: Your spells are a little harder to cast,
                  | but a little more powerful. [potion of mutation]
 64112 | Abyss:4  | Lost mutation: You expend magic power (3 MP) to strengthen
                  | your wands. [potion of mutation]
 64112 | Abyss:4  | Lost mutation: You are dopey. (Int -2) [potion of mutation]
 64112 | Abyss:4  | Lost mutation: Your spells are a little harder to cast, but
                  | a little more powerful. [potion of mutation]
 64112 | Abyss:4  | Gained mutation: Your movements are slightly less
                  | encumbered by armour. (ER -2) [potion of mutation]
 64112 | Abyss:4  | Paralysed by accursed screaming for 2 turns
 64118 | Abyss:4  | Paralysed by accursed screaming for 1 turns
 64153 | Abyss:4  | Noticed an ancient lich
 64268 | Abyss:5  | Entered Level 5 of the Abyss
 64506 | Abyss:5  | Gained mutation: You are partially covered in icy blue
                  | scales. (AC +2) [a neqoxec]
 64676 | Depths:1 | Escaped the Abyss
 65715 | Depths:4 | Voluntarily entered the Abyss.
 65737 | Abyss:1  | Noticed an ancient lich
 65752 | Abyss:1  | Killed an ancient lich
 65927 | Abyss:1  | Killed an ancient lich
 65940 | Abyss:2  | Found a corrupted altar of Lugonu.
 65958 | Abyss:2  | Found a corrupted altar of Lugonu.
 65996 | Abyss:2  | Lost mutation: You tend to lose your temper in combat. [a
                  | neqoxec]
 66211 | Abyss:2  | Found a corrupted altar of Lugonu.
 66305 | Abyss:2  | Found a corrupted altar of Lugonu.
 66470 | Abyss:2  | Found a roughly hewn altar of Beogh.
 66584 | Abyss:3  | Found a corrupted altar of Lugonu.
 66737 | Abyss:3  | Found a corrupted altar of Lugonu.
 66783 | Abyss:3  | Got an abyssal rune of Zot
 66873 | Depths:4 | Escaped the Abyss
 66938 | Pan      | Entered Pandemonium
 67336 | Depths:3 | Escaped Pandemonium
 67387 | Hell     | Noticed Murray
 67417 | Hell     | Noticed an ancient lich
 67424 | Hell     | Killed Murray
 67504 | Hell     | Killed an ancient lich
 67545 | Hell     | Killed Geryon
 67589 | Hell     | Found a gateway to the ashen valley of Gehenna.
 67717 | Hell     | Found a gateway to the Iron City of Dis.
 67765 | Hell     | Found a gateway to the decaying netherworld of Tartarus.
 67844 | Hell     | Found a gateway to the freezing wastes of Cocytus.
 67959 | Hell     | Upgraded the game from 0.26-a0-818-g75db068ed4 to
                  | 0.26-a0-831-g7192265339
 68147 | Zot:2    | Killed bjtr's ghost
 68493 | Zot:2    | Got a smouldering hat
 68537 | Zot:2    | Identified the +5 hat of Burning Brilliance {Harm rF- MR+
                  | Int+3} (You found it on level 2 of the Realm of Zot)
 68718 | Geh:1    | Entered Level 1 of Gehenna
 69908 | Geh:7    | Entered Level 7 of Gehenna
 70271 | Geh:7    | Identified the +6 tower shield of Sif Muna's Whim {Regen+
                  | Str+2}
 70310 | Geh:7    | The Shining One protects you from harm!
 70687 | Geh:7    | Identified the +7 sceptre of Asmodeus
 70687 | Geh:7    | Noticed Asmodeus
 70702 | Geh:7    | Killed Asmodeus
 70736 | Geh:7    | Got an obsidian rune of Zot
 70738 | Geh:7    | Got a warped cloak
 70740 | Geh:7    | Identified the cursed -3 cloak of Rost {rC+} (You found it
                  | on level 7 of Gehenna)
 71353 | Coc:1    | Entered Level 1 of Cocytus
 71759 | Coc:7    | Entered Level 7 of Cocytus
 72235 | Coc:7    | Noticed Antaeus
 72515 | Coc:7    | Killed Antaeus
 72662 | Coc:7    | Got an icy rune of Zot
 72961 | Coc:7    | Got an ancient graven amulet
 72981 | Coc:7    | Identified the amulet "Onulel" {RegenMP MR+ Str+3} (You
                  | found it on level 7 of Cocytus)
 73134 | Tar:1    | Entered Level 1 of Tartarus
 73806 | Tar:7    | Entered Level 7 of Tartarus
 75019 | Tar:7    | Noticed Ereshkigal
 75041 | Tar:7    | Killed Ereshkigal
 75068 | Tar:7    | Got a bone rune of Zot
 75070 | Tar:7    | Identified the Incunabulum of the Blaze
 75075 | Tar:7    | Identified the Disquisition on Lethal Black Arts
 76181 | Dis:1    | Entered Level 1 of the Iron City of Dis
 78729 | Dis:5    | You are sucked into a shaft and drop 1 floor!
 78740 | Dis:7    | Entered Level 7 of the Iron City of Dis
 79244 | Dis:7    | Got a translucent lead ring
 79249 | Dis:7    | Identified the ring "Sacikup" {rC+ MR+ Int+4} (You found it
                  | on level 7 of the Iron City of Dis)
 79604 | Dis:7    | Gained mutation: You are occasionally teleported next to
                  | monsters. [a cacodemon]
 79606 | Dis:7    | Gained mutation: You are clumsy. (Dex -2) [a cacodemon]
 79609 | Dis:7    | Gained mutation: Your body sometimes deteriorates upon
                  | taking damage. [a cacodemon]
 80003 | Dis:7    | Noticed the Serpent of Hell
 80028 | Dis:7    | Killed the Serpent of Hell
 80320 | Dis:7    | Identified the +4 staff of Dispater
 80320 | Dis:7    | Noticed Dispater
 80357 | Dis:7    | Killed Dispater
 80557 | Dis:7    | Found the +7 pair of quick blades "Gyre" and "Gimble"
                  | {protect}
 80601 | Dis:7    | Got an iron rune of Zot
 81274 | Pan      | Entered Pandemonium
 81471 | Pan      | Gained mutation: You occasionally shout uncontrollably at
                  | your foes. [a cacodemon]
 81687 | Pan      | Found a huge runed translucent gate.
 81692 | Pan      | Found a huge runed translucent gate.
 81694 | Pan      | Found a huge runed translucent gate.
 81695 | Pan      | Found a huge runed translucent gate.
 81695 | Pan      | Found a huge runed translucent gate.
 81695 | Pan      | Found a huge runed translucent gate.
 81696 | Pan      | Found a huge runed translucent gate.
 81712 | Pan      | Noticed Tuba the pandemonium lord
 81733 | Pan      | Killed Tuba the pandemonium lord
 81761 | Pan      | Got a demonic rune of Zot
 81950 | Pan      | Entered the realm of Lom Lobon.
 82086 | Pan      | Found an exit through the horrors of the Abyss.
 82657 | Pan      | Noticed Lom Lobon
 83084 | Pan      | Killed Lom Lobon
 83345 | Pan      | Got a magical rune of Zot
 83495 | Pan      | Found a transporter.
 83509 | Pan      | Got a steaming steel ring
 83523 | Pan      | Gained mutation: You are frail. (-10% HP) [a cacodemon]
 83636 | Pan      | Found an exit through the horrors of the Abyss.
 83671 | Pan      | Found a transporter.
 83820 | Pan      | Identified the ring of Agodukh {Wiz rF- rN+ Int+3 Slay+5}
                  | (You found it in Pandemonium)
 83958 | Pan      | Noticed Ticar the pandemonium lord
 83980 | Pan      | Killed Ticar the pandemonium lord
 84153 | Pan      | Found an exit through the horrors of the Abyss.
 84592 | Pan      | Entered the realm of Gloorx Vloq.
 85011 | Pan      | Noticed Gloorx Vloq
 85024 | Pan      | Killed Gloorx Vloq
 85043 | Pan      | Got a dark rune of Zot
 85242 | Pan      | Entered the realm of Mnoleg.
 85284 | Pan      | Gained mutation: Your spells are a little easier to cast,
                  | but a little less powerful. [a neqoxec]
 85290 | Pan      | Gained mutation: You sometimes yell uncontrollably at your
                  | foes. [a cacodemon]
 85297 | Pan      | Noticed Mnoleg
 85299 | Pan      | Paralysed by a floating eye for 3 turns
 85315 | Pan      | Gained mutation: You are very frail. (-20% HP) [a neqoxec]
 85316 | Pan      | Killed Mnoleg
 85336 | Pan      | Gained mutation: You tend to lose your temper in combat. [a
                  | cacodemon]
 85342 | Pan      | Got a glowing rune of Zot
 85351 | Pan      | Reached skill level 27 in Fighting
 85395 | Pan      | Gained mutation: You are very clumsy. (Dex -4) [a
                  | cacodemon]
 85406 | Pan      | Gained mutation: You are dopey. (Int -2) [a neqoxec]
 85413 | Pan      | Gained mutation: Your body often deteriorates upon taking
                  | damage. [a cacodemon]
 85418 | Pan      | Lost mutation: You sometimes yell uncontrollably at your
                  | foes. [potion of mutation]
 85418 | Pan      | Lost mutation: Your body often deteriorates upon taking
                  | damage. [potion of mutation]
 85418 | Pan      | Lost mutation: You are very frail. (-20% HP) [potion of
                  | mutation]
 85419 | Pan      | Lost mutation: You are very clumsy. (Dex -4) [potion of
                  | mutation]
 85419 | Pan      | Lost mutation: Your movements are slightly less encumbered
                  | by armour. (ER -2) [potion of mutation]
 85419 | Pan      | Lost mutation: You are occasionally teleported next to
                  | monsters. [potion of mutation]
 85419 | Pan      | Lost mutation: You tend to lose your temper in combat.
                  | [potion of mutation]
 85519 | Pan      | Acquired a manual of Fire Magic
 85730 | Pan      | Gained mutation: Armour fits poorly on your strangely
                  | shaped body. [a cacodemon]
 85733 | Pan      | Gained mutation: You tend to lose your temper in combat. [a
                  | cacodemon]
 85771 | Pan      | Gained mutation: You are weak. (Str -2) [a cacodemon]
 85832 | Pan      | Noticed Pacw the pandemonium lord
 85841 | Pan      | Killed Pacw the pandemonium lord
 85920 | Pan      | Found an exit through the horrors of the Abyss.
 86123 | Pan      | Got a sparkling granite ring
 86533 | Pan      | Found an exit through the horrors of the Abyss.
 86579 | Pan      | Gained mutation: You are very dopey. (Int -4) [a cacodemon]
 86581 | Pan      | Gained mutation: Your magical capacity is low. (-10% MP) [a
                  | cacodemon]
 87022 | Pan      | Noticed Sotrung the pandemonium lord
 87037 | Pan      | Killed Sotrung the pandemonium lord
 87075 | Pan      | Found an exit through the horrors of the Abyss.
 87394 | Pan      | Gained mutation: You are very weak. (Str -4) [a neqoxec]
 87398 | Pan      | Gained mutation: Your magical capacity is very low. (-20%
                  | MP) [a neqoxec]
 87633 | Pan      | Found an exit through the horrors of the Abyss.
 87658 | Pan      | Noticed Mumic the pandemonium lord
 87673 | Pan      | Killed Mumic the pandemonium lord
 87676 | Pan      | Gained mutation: Your magical capacity is extremely low.
                  | (-30% MP) [a cacodemon]
 87677 | Pan      | Gained mutation: Your spells are easier to cast, but less
                  | powerful. [a cacodemon]
 87721 | Pan      | Reached skill level 27 in Invocations
 87920 | Pan      | Noticed Cynashus the pandemonium lord
 87935 | Pan      | Killed Cynashus the pandemonium lord
 88320 | Pan      | Reached skill level 27 in Armour
 88431 | Pan      | Noticed Purironn the pandemonium lord
 88450 | Pan      | Killed Purironn the pandemonium lord
 88731 | Pan      | Reached skill level 27 in Shields
 88834 | Pan      | Found an exit through the horrors of the Abyss.
 89440 | Pan      | Reached skill level 27 in Axes
 89454 | Pan      | Noticed Xumiab the pandemonium lord
 89477 | Pan      | Killed Xumiab the pandemonium lord
 90073 | Pan      | Found an exit through the horrors of the Abyss.
 90554 | Pan      | Identified the ring of Monabb {*Corrode *Slow rC+ rN+
                  | Int+9} (You found it in Pandemonium)
 91104 | Pan      | Entered the realm of Cerebov.
 91108 | Pan      | Found an exit through the horrors of the Abyss.
 91854 | Pan      | Reached skill level 1 in Earth Magic
 91878 | Pan      | Identified the +5 robe "Teukypn" {-Cast Int+2 Dex+3}
 91879 | Pan      | Identified the +10 arbalest "Sifig" {flame, rC++}
 91893 | Pan      | Identified the +6 sword of Cerebov {flame}
 91893 | Pan      | Noticed Cerebov
 92334 | Pan      | Reached skill level 5 in Earth Magic
 92594 | Pan      | Killed Cerebov
 92645 | Pan      | Lost mutation: You are very dopey. (Int -4) [potion of
                  | mutation]
 92645 | Pan      | Lost mutation: You are frail. (-10% HP) [potion of
                  | mutation]
 92645 | Pan      | Lost mutation: You are partially covered in slimy green
                  | scales. (AC +2) [potion of mutation]
 92645 | Pan      | Lost mutation: Armour fits poorly on your strangely shaped
                  | body. [potion of mutation]
 92645 | Pan      | Lost mutation: You are partially covered in icy blue
                  | scales. (AC +2) [potion of mutation]
 92645 | Pan      | Lost mutation: You tend to lose your temper in combat.
                  | [potion of mutation]
 92645 | Pan      | Gained mutation: You are resistant to hostile enchantments.
                  | (MR+) [potion of mutation]
 92646 | Pan      | Lost mutation: You are very weak. (Str -4) [potion of
                  | mutation]
 92646 | Pan      | Lost mutation: You are dopey. (Int -2) [potion of mutation]
 92646 | Pan      | Lost mutation: Your magical capacity is extremely low.
                  | (-30% MP) [potion of mutation]
 92646 | Pan      | Gained mutation: You are partially covered in icy blue
                  | scales. (AC +2) [potion of mutation]
 92646 | Pan      | Lost mutation: Your magical capacity is very low. (-20% MP)
                  | [potion of mutation]
 92646 | Pan      | Gained mutation: You expend magic power (3 MP) to
                  | strengthen your wands. [potion of mutation]
 92711 | Pan      | Identified the ring "Plog" {AC+4 Dex+3}
 92794 | Pan      | Acquired a manual of Slings
 92860 | Pan      | Identified Sif Muna's Volume of Freezing Necromancy
 92892 | Pan      | Identified the Handbook of the Viperous Arsonist
 92911 | Pan      | Got a fiery rune of Zot
 93106 | Pan      | Paralysed by a Zot trap for 5 turns
 93130 | Pan      | Reached skill level 1 in Spellcasting
 93207 | Pan      | Noticed Uhas the pandemonium lord
 93229 | Pan      | Killed Uhas the pandemonium lord
 93252 | Pan      | Reached skill level 10 in Earth Magic
 93390 | Pan      | Reached skill level 5 in Spellcasting
 93493 | Pan      | Gained mutation: Armour fits poorly on your strangely
                  | shaped body. [a cacodemon]
 93837 | Pan      | Noticed Casmesan the pandemonium lord
 93841 | Pan      | Killed Casmesan the pandemonium lord
 93914 | Pan      | Found an exit through the horrors of the Abyss.
 93930 | Pan      | Gained mutation: Your body often deteriorates upon taking
                  | damage. [a neqoxec]
 94093 | Pan      | Gained mutation: Potions are less effective at restoring
                  | your health. [a neqoxec]
 94094 | Pan      | Gained mutation: Your magical capacity is very low. (-20%
                  | MP) [a neqoxec]
 94102 | Pan      | Gained mutation: You are very clumsy. (Dex -4) [a neqoxec]
 94254 | Pan      | Noticed Vigidaa the pandemonium lord
 94277 | Pan      | Killed Vigidaa the pandemonium lord
 94279 | Pan      | Gained mutation: You are frail. (-10% HP) [a cacodemon]
 94361 | Pan      | Noticed Ignacio
 94369 | Pan      | Killed Ignacio
 94530 | Pan      | Found a runed translucent door.
 94533 | Pan      | Found a runed translucent door.
 94540 | Pan      | Found a runed translucent door.
 94540 | Pan      | Found a runed translucent door.
 94713 | Pan      | Found a basalt altar of Yredelemnul.
 94734 | Pan      | Gained mutation: Your magical capacity is extremely low.
                  | (-30% MP) [a cacodemon]
 94779 | Pan      | Reached skill level 10 in Spellcasting
 94800 | Pan      | Noticed Tesmeg the pandemonium lord
 94818 | Pan      | Killed Tesmeg the pandemonium lord
 94824 | Pan      | Reached skill level 15 in Earth Magic
 95005 | Pan      | Found an exit through the horrors of the Abyss.
 95010 | Pan      | Gained mutation: You are very weak. (Str -4) [a cacodemon]
 95422 | Pan      | Gained mutation: Potions are poor at restoring your health.
                  | [a cacodemon]
 95530 | Pan      | Identified the +5 tower shield of Finyli Biev {MR+ rCorr}
 95577 | Pan      | Found a white marble altar of Elyvilon.
 95632 | Pan      | Found a glowing silver altar of Zin.
 95633 | Pan      | Identified the +7 tower shield of the Armadillo {+Blink MR-
                  | Dex+4}
 95637 | Pan      | HP: 4/179 [daeva/divine providence (7)]
 95637 | Pan      | The Shining One protects you from harm!
 95638 | Pan      | Killed from afar by a daeva

Illustrated notes

Levels and vault maps discovered:
D:1:      saegor_arrival_fortress, layout_basic, minmay_bisected
D:2:      layout_basic
D:3:      layout_loops_corners, uniq_crazy_yiuf_cottage
D:4:      layout_cave_pools, roderic_batcave
D:5:      layout_gridville, serial_shops, nicolae_shop_crystal, uniq_duvessa,
          uniq_prince_ribbit1, uniq_sigmund
D:6:      layout_gridville, serial_shops, shop
D:7:      layout_rooms, kennysheep_mini_moat, minmay_temple_entry_tees,
          serial_shops, shop_fountains
D:8:      layout_basic, due_lair_maze_entry_diamond, serial_shops, shop_statue,
          shop, nicolae_shop_overgrown_old_shop, kennysheep_mini,
          small_statue_intersection
D:9:      layout_irregular_city, lightli_minifort
D:10:     layout_irregular_city
D:11:     layout_roguey, david_orc_3, basic_altar, serial_ice, serial_ice_g,
          serial_ice_k, serial_ice_f, serial_ice_d
D:12:     layout_stronghold, minmay_radiant
D:13:     layout_roguey, kennysheep_decorative_pillar,
          chequers_serial_rivers_small_a
D:14:     layout_cave_pods, david_vaults_5, nrook_mini_vaults
D:15:     grunt_enter_depths_magical_seal, layout_loops_ring,
          grunt_decor_resistance, gauntlet_entry_generic, gammafunk_ghost_smash,
          minmay_splitting_lines, einodemon_crawler_minivault
Temple:   roderic_octagonal_lattice_temple
Lair:1:   beast_lair_carwin_large_1, layout_gridlike, enter_volcano_3
Lair:2:   layout_misc_corridors, cheibrodos_lair_lostbears
Lair:3:   layout_cellular_growth, elwin_shoals_entry_rooms,
          guppyfry_snake_entry_island, basic_altar, infiniplex_staircase_pool
Lair:4:   layout_regular_city, uniq_josephine
Lair:5:   layout_gridlike, minmay_slime_entry_oklob_open,
          maelrawn_ghost_gauntlet_escape, infiniplex_staircase_pool_2
Lair:6:   evilmike_catoblepas_cave, layout_regular_city, serial_bayou_pond_c,
          grunt_megastairs_5
Shoals:1: layout_shoals, nicolae_shoals_c_island
Shoals:2: layout_shoals, uniq_polyphemus
Shoals:3: layout_shoals, gammafunk_ghost_berserking_beasts
Shoals:4: shoals_end_grunt_garden, layout_shoals, argonaut_gorgonesque
Snake:1:  layout_rooms, lemuel_fruit_tree, uniq_aizul
Snake:2:  layout_basic, serial_bayou_shore_a, uniq_vashnia, uniq_kirke
Snake:3:  layout_misc_corridors, uniq_roxanne
Snake:4:  grunt_snake_rune_pools, layout_cave_town, nicolae_snake_biting_tails
Orc:1:    layout_caves, serial_shops, shop
Orc:2:    grunt_orc_gardens, layout_diamond_mine, grunt_orc_garden,
          grunt_orc_garden, grunt_orc_garden, grunt_orc_garden, basic_altar,
          abandoned_shop
Elf:1:    elf_arrival_001, layout_loops_cross, basic_altar, serial_shops, shop,
          hangedman_elven_crosses_minicolossus, minivault_23, eino_tiny_chamber,
          nicolae_elf_big_sculpture_3, grunt_ministairs_11,
          minmay_shop_grid_forest, minivault_13
Elf:2:    layout_geoelf_diagonals, serial_shops,
          nicolae_shop_temple_entry_statues_fountains, shop_fountains,
          nicolae_shop_crystal, st_stairs_5
Elf:3:    grunt_elf_hall_branching, layout_loops_corners, serial_shops,
          shop_fountains, shop, nicolae_shop_crystal, grunt_ministairs_6
Vaults:1: vaults_room_grunt_arrival_checkpoint, nicolae_vaults_network_quincunx
          [nicolae_vaults_network_quincunx_subvault,
          nicolae_vaults_network_quincunx_subvault,
          nicolae_vaults_network_quincunx_subvault,
          nicolae_vaults_network_quincunx_subvault,
          nicolae_vaults_network_quincunx_subvault], v_misc_11, v_rooms_1,
          layout_vaults_chaotic_city
Vaults:2: grunt_vaults_trifunnel, ontoclasm_vaults_idyll, vaults_dpeg_diagonal,
          vaults_dpeg_hooks, vaults_dpeg_encased_lava, nicolae_vaults_rhombus_6,
          nicolae_vaults_border_crossing, v_misc_2, vaults_room_hallway,
          grunt_vaults_hallway_long, vaults_room_hallway,
          ontoclasm_vaults_ring_square, nicolae_vaults_alarming,
          v_alt_pattern_2, nicolae_vaults_network_s, hangedman_vaults_impose,
          layout_vaults_omnibox
Vaults:3: ontoclasm_vaults_eye, minmay_crypt_entry_vampire_xt,
          ontoclasm_vaults_twist, nicolae_vaults_octagons,
          ontoclasm_vaults_gateway, ontoclasm_vaults_hangar,
          nicolae_vaults_ring_of_whatevers, v_misc_23, grunt_vaults_twisty,
          grunt_vaults_funnel, nicolae_vaults_little_squares_3,
          vaults_room_semicircle, vaults_mumra_hex, nicolae_vaults_gold_heap,
          v_misc_24, ontoclasm_vaults_decontamination, vaults_room_door_ring,
          layout_vaults_omnicross, serial_shops, shop, basic_altar
Vaults:4: v_misc_5, v_misc_33, ontoclasm_vaults_ligature, vaults_dpeg_ring,
          hangedman_vaults_slice, nicolae_vaults_what_the_h, v_misc_19,
          v_misc_14, v_misc_5, serial_ice_b, hangedman_vaults_slice,
          layout_vaults_omnigrid, portal_desolation_entry_nicolae_slug
Vaults:5
Crypt:1:  layout_misc_corridors, nrook_guardian_serpent_ordinary,
          grunt_megastairs_2, grunt_crypt_arrival_split
Crypt:2:  layout_rooms, uniq_frederick, uniq_boris, uniq_jory
Crypt:3:  david_glass_crypt, layout_basic, tomb_entry_forgotten_bobbens,
          minivault_19, grunt_ministairs_10, minmay_misc_feat_alley,
          uniq_mennas, uniq_saint_roka
Depths:1: layout_gridlike, enter_ziggurat_b, pf_hell_entry_tar_river,
          hangedman_decor_clover_reticule, special_room [special_room_morgue],
          minmay_room_of_horrors, hangedman_aerie_drop, uniq_sojobo,
          uniq_asterion, uniq_nikola
Depths:2: kennysheep_cluttered_fort, layout_cave_shapes, kennysheep_minor_cross,
          abyss_entry, rand_demon_pan_entry_9, grunt_hell_entry_dis_grunt,
          minmay_misc_feat_ornament, kennysheep_boxes, minmay_staircase_statues,
          firewood_loft
Depths:3: hangedman_cross_stitches, layout_long_grid, rand_demon_pan_entry_8,
          hell_entry, serial_bayou_pond_e, minmay_shop_grove
Depths:4: minmay_the_grid_triangle_9x9_recursive_3
          [minmay_the_grid_triangle_9x9_skeleton,
          minmay_the_grid_triangle_9x9_zippers_horizontal,
          minmay_the_grid_triangle_9x9_steps,
          minmay_the_grid_triangle_9x9_prize_top_heavy,
          minmay_the_grid_triangle_9x9_windchime,
          minmay_the_grid_triangle_9x9_corrupted_corridor,
          minmay_the_grid_triangle_9x9_semitri,
          minmay_the_grid_triangle_9x9_corruption,
          minmay_the_grid_triangle_9x9_sparse_checkered], layout_gridlike,
          hell_entry, abyss_entry, dk_noncrumbling_3,
          infiniplex_staircase_zigzag_1
Depths:5: evilmike_zot_entry_gauntlet, layout_cave_pools, tso_altar, hell_entry,
          mu_enter_wizlab_7
Hell
Dis:1:    layout_chaotic_city
Dis:2:    layout_subdivisions, grunt_megastairs_4
Dis:3:    hangedman_dis_monolith, layout_chaotic_city
Dis:4:    layout_gridville
Dis:5:    layout_gridville
Dis:6:    layout_chaotic_city
Dis:7:    dis_st
Geh:1:    layout_gehenna_pools_box, door_vault
Geh:2:    layout_gehenna_pools_basic, nicolae_geh_sunburst
Geh:3:    layout_gehenna_pools_box, gehenna_fire_generator
Geh:4:    layout_gehenna_pools_triple,
          hangedman_mysterious_dungeon_monster_house
Geh:5:    layout_gehenna_lava_caves
Geh:6:    layout_gehenna_lava_caves
Geh:7:    geh_grunt_pentagon
Coc:1:    layout_cocytus_water_paths
Coc:2:    layout_cocytus_water_paths
Coc:3:    layout_cocytus_water_paths
Coc:4:    layout_ice_bergs
Coc:5:    layout_ice_bergs
Coc:6:    layout_cocytus_water_paths
Coc:7:    coc_grunt_cove [coc_grunt_cove_antaeus, coc_grunt_cove_fiend,
          coc_grunt_cove_fiend, coc_grunt_cove_fiend, coc_grunt_cove_fiend]
Tar:1:    layout_honeycomb, grunt_megastairs_1
Tar:2:    layout_honeycomb
Tar:3:    layout_cathedral_of_symmetry, hangedman_restless_catacombs
Tar:4:    layout_grid_maze
Tar:5:    layout_honeycomb
Tar:6:    layout_cathedral_of_symmetry, nicolae_tar_cuneiform_sun,
          nicolae_tar_cuneiform_heaven
Tar:7:    tar_minmay_river
Zot:1:    layout_twisted_circle
Zot:2:    layout_twisted_circle, gammafunk_ghost_berserking_beasts
Zot:3:    layout_onion, ebering_ghost_disaster_area
Zot:4:    kennysheep_ambush_hall, layout_onion_interference, lemuel_elevator
Zot:5:    layout_gridlike, bh_zot_levy_curve, drop_trap
Pan:      lemuel_hellion_island, layout_gridlike, pan_blood_fountain_small,
          nicolae_pan_giant_door, layout_irregular_city,
          nicolae_pan_strange_glyphs [nicolae_pan_strange_glyph_acedia,
          nicolae_pan_strange_glyph_schadenfreude,
          nicolae_pan_strange_glyph_acedia, nicolae_pan_strange_glyph_regret],
          lom_lobon, layout_gridville, pan_blood_fountain,
          nicolae_pan_sick_transit, gammafunk_its_a_trap, layout_long_grid,
          pan_blood_fountain_small, rand_demon_1, layout_grid_shapes,
          pan_blood_fountain_small, evilmike_gloorx_vloq_box, layout_gridlike,
          mnoleg, layout_long_grid, grunt_pan_zigzag, layout_irregular_city,
          grunt_pan_frozen_over, layout_long_grid, evilmike_mini_pan_thingy,
          layout_stronghold, grunt_pan_zigzag, layout_chambers,
          evilmike_mini_pan_layers, layout_rooms, evilmike_mini_pan_doors_b,
          layout_long_grid, pan_blood_fountain_small, nicolae_pan_glass_arcs,
          layout_chambers, evilmike_cerebov_lava, layout_long_grid,
          regret_index_pan_draining_boxed, layout_pan_divisions_b
          [pan_division_quadrant_b4, pan_division_quadrant_b4,
          pan_division_quadrant_b1, pan_division_quadrant_b3],
          pan_blood_fountain_small, rand_demon_4, layout_basic,
          nicolae_pan_sigil_uleosi, rand_demon_1, layout_gridville,
          pan_blood_fountain_2, uniq_ignacio, nicolae_pan_sigil_itan,
          evilmike_mini_pan_pillars, layout_onion_city, rand_demon_7,
          layout_gridlike, pan_blood_fountain, pan_blood_fountain_small,
          nicolae_pan_strange_glyphs [nicolae_pan_strange_glyph_worry,
          nicolae_pan_strange_glyph_angst,
          nicolae_pan_strange_glyph_schadenfreude,
          nicolae_pan_strange_glyph_rage], rand_demon_1, layout_gridlike,
          evilmike_mini_pan_diamond, layout_long_grid, pan_blood_fountain,
          evilmike_mini_pan_possible_glass, layout_pan_divisions_a
          [pan_division_quadrant_a4, pan_division_quadrant_a5,
          pan_division_quadrant_a6, pan_division_quadrant_a4,
          pan_division_octagon_halves], rand_demon_2, layout_chambers,
          pan_blood_fountain_small, evilmike_mini_pan_other_thingy,
          layout_basic, nicolae_pan_gloorx_vloqian_4, evilmike_holy_pan

Skill      XL: |  1  2  3  4  5  6  7  8  9 10 11 12 13 14 15 16 17 18 19 20 21 22 23 24 25 26 27 |
---------------+----------------------------------------------------------------------------------+-----
Axes           | 2 3 4 5 7 8 9 10 11 12 15 18 19 20 21 22 27 | 27.0
Dodging        | 1 2 3 4 6 7 8 9 10 11 12 13 14 15 23 | 23.2
Armour         | 4 5 6 7 9 10 11 12 13 14 15 16 17 18 19 20 27 | 27.0
Shields        | 4 5 6 7 9 10 11 12 13 14 15 16 17 18 19 27 | 27.0
Fighting       | 4 5 6 7 9 10 11 12 13 14 15 16 17 18 20 21 27 | 27.0
Invocations    | 5 7 8 9 10 27 | 27.0
Earth Magic    | 16 | 16.3
Spellcasting   | 11 | 11.6

Action                   |  1- 3 |  4- 6 |  7- 9 | 10-12 | 13-15 | 16-18 | 19-21 | 22-24 | 25-27 || total
-------------------------+-------+-------+-------+-------+-------+-------+-------+-------+-------++-------
Melee: War axe           |   150 |   196 |   328 |   591 |  1204 |   394 |       |       |       ||  2863
       Whip              |       |       |       |       |    74 |       |       |       |       ||    74
       Broad axe         |       |       |       |       |       |  1432 |  1955 |  1417 |  9970 || 14774
       Peck              |       |       |       |       |       |       |       |       |    36 ||    36
Invok: Heroism           |       |       |     1 |     2 |     1 |    10 |     7 |     3 |     2 ||    26
       Finesse           |       |       |       |       |       |     7 |     7 |     3 |     2 ||    19
       Cleansing Flame   |       |       |       |       |       |       |       |       |   129 ||   129
       Summon Divine War |       |       |       |       |       |       |       |       |    74 ||    74
       Brand Weapon With |       |       |       |       |       |       |       |       |     1 ||     1
 Abil: Fly               |       |       |       |       |     1 |       |       |       |       ||     1
Evoke: Wand              |       |       |       |       |       |     3 |       |     1 |    10 ||    14
  Use: Scroll            |       |     3 |       |    12 |    18 |    11 |    11 |    14 |    63 ||   132
       Potion            |       |       |     9 |     1 |       |     3 |       |     2 |    54 ||    69
 Stab: Invisible         |       |       |     3 |       |       |       |       |       |       ||     3
       Sleeping          |       |       |       |     2 |       |       |       |       |       ||     2
       Distracted        |       |       |       |     1 |     1 |       |     2 |     1 |       ||     5
       Petrified         |       |       |       |       |     5 |       |       |       |       ||     5
Armor: Scale mail        |    85 |    39 |       |       |       |       |       |       |       ||   124
       Ring mail         |       |    75 |   252 |   297 |   151 |       |       |       |       ||   775
       Skin              |       |     1 |    24 |       |       |       |       |       |       ||    25
       Chain mail        |       |       |       |       |   429 |    63 |       |       |       ||   492
       Plate armour      |       |       |       |       |       |   664 |   734 |   413 |       ||  1811
       Gold dragon scale |       |       |       |       |       |       |       |    90 |  3656 ||  3746
Dodge: Dodged            |    34 |    78 |   207 |   338 |   197 |   324 |   218 |   173 |  1665 ||  3234
       Repelled          |       |       |       |       |       |     1 |    12 |     8 |    73 ||    94
Block: Kite shield       |    89 |   123 |   250 |   416 |  1991 |  2881 |  2205 |  1615 |  7847 || 17417
       Tower shield      |       |       |       |       |       |       |       |       |  3591 ||  3591
       Reflection        |       |       |       |       |       |       |       |       |    44 ||    44

Table legend: (Time is in decaauts)
 A = Elapsed time spent in this place.
 B = Non-inter-level travel time spent in this place.
 C = Inter-level travel time spent in this place.
 D = Time resting spent in this place.
 E = Time spent auto-exploring this place.
 F = Levels seen in this place.
 G = Mean time per level.
                   A        B        C        D        E       F      G
               +--------+--------+--------+--------+--------+-----+--------+
         Total |  91810 |  82217 |   9593 |   6674 |  48247 | 122 |  752.5 |
       Dungeon |  17544 |  14045 |   3499 |   1167 |   9207 |  15 | 1169.6 |
        Temple |    295 |    240 |     55 |      0 |    239 |   1 |  295.0 |
          Lair |   6209 |   5224 |    985 |    240 |   3856 |   6 | 1034.8 |
        Shoals |   3496 |   3273 |    223 |      0 |   2447 |   4 |  874.0 |
     Snake Pit |   3824 |   3657 |    167 |      8 |   2307 |   4 |  956.0 |
  Orcish Mines |   1900 |   1674 |    226 |    391 |    790 |   2 |  950.0 |
   Elven Halls |   3080 |   2768 |    312 |    253 |   1676 |   3 | 1026.7 |
        Vaults |   8285 |   6950 |   1335 |    706 |   4363 |   5 | 1657.0 |
         Crypt |   2788 |   2486 |    302 |      0 |   1690 |   3 |  929.3 |
        Depths |   7732 |   5925 |   1807 |    145 |   3750 |   5 | 1546.4 |
          Hell |   1225 |   1123 |    102 |    355 |    297 |   1 | 1225.0 |
           Dis |   4019 |   3906 |    113 |      0 |   2596 |   7 |  574.1 |
       Gehenna |   1982 |   1982 |      0 |     70 |    448 |   7 |  283.1 |
       Cocytus |   1581 |   1551 |     30 |     89 |    425 |   7 |  225.9 |
      Tartarus |   2752 |   2650 |    102 |      0 |   1374 |   7 |  393.1 |
           Zot |   5157 |   4827 |    330 |   1034 |   2783 |   5 | 1031.4 |
         Abyss |   4173 |   4173 |      0 |    691 |    953 |  11 |  379.4 |
   Pandemonium |  14104 |  14104 |      0 |   1506 |   8081 |  26 |  542.5 |
       Volcano |    311 |    311 |      0 |     18 |    133 |   1 |  311.0 |
        Wizlab |    524 |    524 |      0 |      0 |    340 |   1 |  524.0 |
    Desolation |    821 |    821 |      0 |      0 |    492 |   1 |  821.0 |
               +--------+--------+--------+--------+--------+-----+--------+

Top non-repeatable levels by time:
Vaults:4: 2612 daAuts
   Dis:7: 2273 daAuts
   Tar:7: 2134 daAuts
Depths:1: 1943 daAuts
    D:15: 1891 daAuts
     D:1: 1786 daAuts
Vaults:3: 1742 daAuts
Depths:5: 1652 daAuts
Depths:4: 1601 daAuts
Vaults:5: 1491 daAuts
    D:11: 1416 daAuts
  Lair:3: 1413 daAuts
 Snake:2: 1412 daAuts
    D:14: 1405 daAuts
   Zot:2: 1324 daAuts
